 Dungeon Crawl Stone Soup version 0.31-a0-175-g9f7f995f2b (webtiles) character file.

Game seed: 17384076247548379183

15577438 Ofeo the Ninja (level 27, 174/174 HPs)
             Began as a Vine Stalker Brigand on June 10, 2023.
             Was the Champion of Wu Jian.
             Escaped with the Orb
             ... and 15 runes on June 16, 2023!
             The game lasted 05:08:55 (100748 turns).

Ofeo the Ninja (Vine Stalker Brigand)             Turns: 100748, Time: 05:08:55

Health: 174/174    AC: 49    Str: 16      XL:     27
Magic:  56/56      EV: 35    Int: 11      God:    Wu Jian [******]
Gold:   15093      SH: 31    Dex: 34 (37) Spells: 49/57 levels left

rFire   + + .        a - +9 quick blade (spect)
rCold   + . .        E - +2 tower shield {rC+ rF+}
rNeg    + + +        S - +9 pearl dragon scales
rPois   +            j - +1 helmet "Afuid" {MP+9 Str-2 Int+2 Stlth+}
rElec   +            s - +0 cloak {Will+}
rCorr   +            h - +3 pair of gauntlets of War {Slay+5}
SInv    .            N - +4 pair of boots of the Untouchables {Str+3 Int+3}
Will    ++++.        y - dreamshard necklace {Acrobat *Dream}
Stlth   ++++         T - ring "Yrche Req" {rPois rN+ rCorr Int-3 Dex+10}
HPRegen 1.29/turn    J - ring "Adecoh" {rElec rF+ rN+ rCorr Slay+3}
MPRegen 0.35/turn

%: random rage (3%), acrobat, guardian spirit
@: studying 3 skills
A: fangs 3, regeneration 1, magic shield, antimagic bite, no potion heal 2,
hooves 1, iridescent scales 1, berserk 1, clumsy 1, deterioration 1, dopey 1,
high MP 1, shaggy fur 1
0: Orb of Zot
}: 15/15 runes: barnacled, slimy, silver, golden, iron, obsidian, icy, bone,
abyssal, demonic, glowing, magical, fiery, dark, gossamer
a: Renounce Religion, Wall Jump, Serpent's Lash, Heavenly Storm


You escaped.
You worshipped Wu Jian.
Wu Jian was exalted by your worship.
You visited 18 branches of the dungeon, and saw 86 of its levels.
You visited Pandemonium 3 times, and saw 25 of its levels.
You visited the Abyss 2 times.
You visited 2 bazaars.
You also visited: Trove, Sewer, Bailey, Gauntlet, Ice Cave, Volcano and Desolation.

You collected 18897 gold pieces.
You spent 3804 gold pieces at shops.

Inventory:

Hand Weapons
 a - a +9 spectral quick blade (weapon)
 b - a +9 rapier of speed
 c - the +10 zealot's sword {holy, Zealotry, *Rage rN+ EV+3}
   (You found it in the Desolation of Salt)

   Zealotry:  Whenever the wielder enters a berserk rage, their allies are
   berserked alongside them.
   EV:        It affects your evasion (+3).
   rN:        It protects you from negative energy.
   *Rage:     It berserks you when you make melee attacks (+20% chance).
Missiles
 m - 7 datura-tipped darts
 p - 20 curare-tipped darts
 x - 13 throwing nets
 A - 25 javelins
 B - 24 atropa-tipped darts
 R - 8 silver javelins
Armour
 h - the +3 pair of gauntlets of War (worn) {Slay+5}
   (You found it in a Gauntlet)

   Slay:      It affects your accuracy & damage with ranged weapons and melee
   (+5).
 j - the +1 helmet "Afuid" (worn) {MP+9 Str-2 Int+2 Stlth+}
   (You found it in a Gauntlet)

   Str:       It affects your strength (-2).
   Int:       It affects your intelligence (+2).
   MP:        It affects your magic capacity (+9).
   Stlth:     It makes you more stealthy.
 s - a +0 cloak of willpower (worn)
 E - a +2 tower shield of resistance (worn)
 N - the +4 pair of boots of the Untouchables (worn) {Str+3 Int+3}
   (You found it in the Desolation of Salt)

   Str:       It affects your strength (+3).
   Int:       It affects your intelligence (+3).
 S - +9 pearl dragon scales (worn)
Jewellery
 g - the ring "Oraibick" {rElec rPois rF+ Dex+6}
   (You bought it in a shop in a bazaar)

   [ring of dexterity]

   Dex:       It affects your dexterity (+6).
   rF:        It protects you from fire.
   rElec:     It insulates you from electricity.
   rPois:     It protects you from poison.
 i - the ring of Ephemeral Luck {*Slow Fly rF+++ rC+ Dex-3}
   (You found it on level 7 of Tartarus)

   [ring of protection from cold]

   Dex:       It affects your dexterity (-3).
   rF:        It renders you almost immune to fire.
   rC:        It protects you from cold.
   Fly:       It grants you flight.
   *Slow:     It may slow you when you take damage.
 t - the amulet of Goham {rF- rC++ Regen+}
   (You found it on level 3 of the Crypt)

   [amulet of regeneration]

   rF:        It makes you vulnerable to fire.
   rC:        It greatly protects you from cold.
   Regen:     It increases your rate of health regeneration.
 y - the dreamshard necklace (around neck) {Acrobat *Dream}
   (You found it on level 3 of the Tomb of the Ancients)

   [amulet of the acrobat]

   *Dream:    It absorbs a single lethal wound into itself, holding its wearer
   just short of death and releasing dream-creatures to guard them.
   It increases your evasion while moving and waiting.
 z - the ring of Ychuzo {Fly EV+5 Str+2}
   (You found it in a treasure trove)

   [ring of evasion]

   EV:        It affects your evasion (+5).
   Str:       It affects your strength (+2).
   Fly:       It grants you flight.
 J - the ring "Adecoh" (right hand) {rElec rF+ rN+ rCorr Slay+3}
   (You found it on level 3 of the Crypt)

   [ring of positive energy]

   Slay:      It affects your accuracy & damage with ranged weapons and melee
   (+3).
   rF:        It protects you from fire.
   rElec:     It insulates you from electricity.
   rN:        It protects you from negative energy.
   rCorr:     It protects you from acid and corrosion.
 P - the amulet of the Duke {Reflect rF- Will+ SH+5 SInv}
   (You found it on level 3 of the Elven Halls)

   [amulet of reflection]

   It reflects blocked missile attacks.
   rF:        It makes you vulnerable to fire.
   SInv:      It lets you see invisible.
   SH:        It affects your SH (+5).
   Will:      It increases your willpower.
 T - the ring "Yrche Req" (left hand) {rPois rN+ rCorr Int-3 Dex+10}
   (You found it on level 3 of the Realm of Zot)

   [ring of positive energy]

   Int:       It affects your intelligence (-3).
   Dex:       It affects your dexterity (+10).
   rPois:     It protects you from poison.
   rN:        It protects you from negative energy.
   rCorr:     It protects you from acid and corrosion.
Wands
 d - a wand of digging (32) {@v1}
 n - a wand of charming (122)
 L - a wand of iceblast (120) {@v4}
 M - a wand of mindburst (87)
 Q - a wand of light (78)
Scrolls
 e - 5 scrolls of silence
 o - 6 scrolls of blinking {@r4}
 w - 20 scrolls of teleportation {@r3}
 D - 13 scrolls of fog
 H - 5 scrolls of fear
 K - 4 scrolls of summoning
 U - 3 scrolls of revelation
Potions
 f - 4 potions of resistance {@q6}
 k - 14 potions of lignification
 l - 6 potions of mutation
 q - 39 potions of curing {@q1}
 r - 12 potions of attraction
 u - 9 potions of brilliance
 v - 4 potions of berserk rage
 C - 10 potions of invisibility
 F - 6 potions of magic
 G - 4 potions of cancellation
 I - a potion of haste {@q3}
 O - 14 potions of ambrosia
 Y - 8 potions of enlightenment
 Z - 6 potions of might {@q4}
Miscellaneous
 V - a sack of spiders
 W - a lightning rod (4/4)
 X - a phantom mirror


   Skills:
 O Level 27 Fighting
 + Level 20.0(20.5) Short Blades
 - Level 8.0(15.1) Long Blades
 - Level 16.0 Throwing
 * Level 23.7 Armour
 + Level 25.0 Dodging
 O Level 27 Stealth
 + Level 24.3 Shields
 + Level 15.5 Spellcasting
 + Level 16.1 Evocations


You had 49 spell levels left.
You knew the following spells:

 Your Spells              Type           Power      Damage    Failure   Level
a - Blink                 Tloc           16%        N/A       30%         2
b - Apportation           Tloc           16%        N/A       21%         1
c - Passwall              Tmut/Erth      6%         N/A       30%         2
d - Swiftness             Air            8%         N/A       52%         3

Your spell library contained the following spells:

 Spells                   Type           Power      Damage    Failure   Level
 Beastly Appendage        Tmut           16%        N/A       21%         1
 Freeze                   Ice            32%        1d5       21%         1
 Magic Dart               Conj           32%        1d4       21%         1
 Necrotise                Necr           32%        1d5       21%         1
 Shock                    Conj/Air       32%        1d5       21%         1
 Sting                    Tmut/Pois      32%        1d4       21%         1
 Summon Small Mammal      Summ           32%        N/A       21%         1
 Call Imp                 Summ           16%        N/A       30%         2
 Cigotuvi's Dreadful Rot  Necr/Pois/Air  16%        N/A       30%         2
 Ensorcelled Hibernation  Hex/Ice        16%        N/A       30%         2
 Lesser Beckoning         Tloc           16%        N/A       30%         2
 Momentum Strike          Conj/Tloc      16%        3d8       30%         2
 Poisonous Vapours        Pois/Air       16%        N/A       30%         2
 Scorch                   Fire           16%        2d5       30%         2
 Searing Ray              Conj           16%        2d5       30%         2
 Static Discharge         Conj/Air       16%        2-3/arc   30%         2
 Call Canine Familiar     Summ           8%         N/A       52%         3
 Dazzling Flash           Conj/Hex       16%        N/A       52%         3
 Frozen Ramparts          Ice            16%        1d3       52%         3
 Gell's Gravitas          Tloc           8%         N/A       52%         3
 Hailstorm                Conj/Ice       8%         3d4       52%         3
 Ignite Poison            Fire/Tmut/Pois 8%         N/A       52%         3
 Inner Flame              Hex/Fire       8%         N/A       52%         3
 Mephitic Cloud           Conj/Pois/Air  8%         N/A       52%         3
 Ozocubu's Armour         Ice            8%         N/A       52%         3
 Portal Projectile        Hex/Tloc       16%        N/A       52%         3
 Spider Form              Tmut/Pois      8%         N/A       52%         3
 Stone Arrow              Conj/Erth      16%        3d8       52%         3
 Summon Guardian Golem    Hex/Summ       8%         N/A       52%         3
 Teleport Other           Tloc           8%         N/A       52%         3
 Tukima's Dance           Hex            8%         N/A       52%         3
 Vampiric Draining        Necr           8%         2d6       52%         3
 Vhi's Electric Charge    Tloc/Air       16%        N/A       52%         3
 Volatile Blastmotes      Fire/Tloc      16%        2d11      52%         3
 Airstrike                Air            4%         2d(1-17)  90%         4
 Anguish                  Hex/Necr       4%         N/A       90%         4
 Animate Armour           Summ/Erth      16%        N/A       90%         4
 Animate Dead             Necr           8%         N/A       90%         4
 Cause Fear               Hex            4%         N/A       90%         4
 Flame Wave               Conj/Fire      8%         2d5       90%         4
 Fulminant Prism          Conj/Hex       4%         3d5       90%         4
 Ice Form                 Ice/Tmut       8%         N/A       90%         4
 Iskenderun's Mystic Bla  Conj/Tloc      8%         2d4       90%         4
 Leda's Liquefaction      Hex/Erth       4%         N/A       90%         4
 Manifold Assault         Tloc           8%         N/A       90%         4
 Olgreb's Toxic Radiance  Pois           8%         N/A       90%         4
 Passage of Golubria      Tloc           8%         N/A       90%         4
 Petrify                  Tmut/Erth      8%         N/A       90%         4
 Sticky Flame             Conj/Fire      8%         2d3       90%         4
 Summon Ice Beast         Ice/Summ       8%         N/A       90%         4
 Summon Lightning Spire   Summ/Air       8%         N/A       90%         4
 Agony                    Necr           8%         N/A       99%         5
 Alistair's Intoxication  Tmut/Pois      5%         N/A       99%         5
 Arcjolt                  Conj/Air       4%         1d14      99%         5
 Blade Hands              Tmut           4%         N/A       99%         5
 Borgnjor's Vile Clutch   Necr/Erth      4%         N/A       99%         5
 Fireball                 Conj/Fire      4%         3d4       99%         5
 Freezing Cloud           Conj/Ice/Air   4%         6-21      99%         5
 Iskenderun's Battlesphe  Conj           8%         2d6       99%         5
 Lee's Rapid Deconstruct  Erth           4%         3d5*      99%         5
 Metabolic Englaciation   Hex/Ice        4%         N/A       99%         5
 Silence                  Hex/Air        4%         N/A       99%         5
 Summon Forest            Summ/Tloc      4%         N/A       99%         5
 Summon Mana Viper        Hex/Summ       8%         N/A       99%         5
 Yara's Violent Unravell  Hex/Tmut       4%         3d4       99%         5
 Conjure Ball Lightning   Conj/Air       4%         3x3d6     100%        6
 Death Channel            Necr           4%         N/A       100%        6
 Dispersal                Tloc           4%         N/A       100%        6
 Eringya's Noxious Bog    Tmut/Pois      4%         N/A       100%        6
 Plasma Beam              Fire/Air       4%         2x1d14    100%        6
 Simulacrum               Ice/Necr       4%         N/A       100%        6
 Starburst                Conj/Fire      4%         6d3       100%        6
 Statue Form              Tmut/Erth      5%         N/A       100%        6
 Summon Cactus Giant      Summ           4%         N/A       100%        6
 Dragon Form              Tmut           4%         N/A       100%        7
 Enfeeble                 Hex            4%         N/A       100%        7
 Haunt                    Necr/Summ      4%         N/A       100%        7
 Malign Gateway           Summ/Tloc      4%         N/A       100%        7
 Monstrous Menagerie      Summ           4%         N/A       100%        7
 Orb of Destruction       Conj           4%         9d5       100%        7
 Ozocubu's Refrigeration  Ice            4%         4d8       100%        7
 Spellforged Servitor     Conj/Summ      4%         N/A       100%        7
 Storm Form               Tmut/Air       4%         N/A       100%        7
 Summon Hydra             Summ           4%         N/A       100%        7
 Discord                  Hex            4%         N/A       100%        8
 Disjunction              Tloc           4%         N/A       100%        8
 Ignition                 Fire           4%         3d4       100%        8
 Infestation              Necr           4%         N/A       100%        8
 Lehudib's Crystal Spear  Conj/Erth      4%         10d3      100%        8
 Maxwell's Capacitive Co  Air            4%         ∞         100%        8
 Summon Horrible Things   Summ           4%         N/A       100%        8
 Chain Lightning          Conj/Air       4%         3d5       100%        9
 Death's Door             Necr           4%         N/A       100%        9
 Dragon's Call            Summ           4%         N/A       100%        9
 Fire Storm               Conj/Fire      4%         8d1       100%        9
 Polar Vortex             Ice            4%         N/A       100%        9
 Shatter                  Erth           4%         3d7*      100%        9


Dungeon Overview and Level Annotations

Branches:
Dungeon (15/15)            Temple (1/1) D:7            Lair (5/5) D:10
 Shoals (4/4) Lair:2       Spider (4/4) Lair:3        Slime (5/5) Lair:5
    Orc (2/2) D:9             Elf (3/3) Orc:2        Vaults (5/5) D:14
  Crypt (3/3) Vaults:3       Tomb (3/3) Crypt:3      Depths (4/4) D:15
   Hell (visited)             Dis (7/7) Hell            Geh (7/7) Hell
    Coc (7/7) Hell            Tar (7/7) Hell            Zot (5/5) Depths:4
  Sewer (visited)          Bailey (visited)           IceCv (visited)
Volcano (visited)         Desolation (visited)      Gauntlet (visited)

Altars:
Ashenzari
Cheibriados
Dithmenos
Elyvilon
Fedhas
Gozag
Hepliaklqana
Kikubaaqudgha
Makhleb
Nemelex Xobeh
Okawaru
Qazlal
Ru
Sif Muna
Trog
Uskayaw
Vehumet
Wu Jian
Xom
Yredelemnul
Zin
The Shining One
Jiyva
Lugonu

Shops:
D:5 (   Orc:2 :[(?   Shoals:1 :   Shoals:4 [   Vaults:2 [*!   Vaults:4 (
Depths:1 :=:*

Portals:
Hell: Depths:1 Depths:2 Depths:3 Depths:4
Abyss: Depths:3
Pandemonium: Depths:1 Depths:2
Ziggurat: Depths:2

Annotations:
D:14 4 transporters
Spider:3 Roxanne
Depths:2 exclusion: ice statue
Coc:7 exclusion: ice statue


Innate Abilities, Weirdness & Mutations

You have razor-sharp teeth.
Your natural rate of healing is unusually fast.
When hurt, damage is shared between your health and your magic reserves.
Your bite disrupts and absorbs the magic of your enemies.
Potions cannot restore your health.
You have large cloven feet.
You are partially covered in iridescent scales. (AC +2)
You sometimes lose your temper in combat.
You are clumsy. (Dex -2)
Your body sometimes deteriorates upon taking damage.
You are dopey. (Int -2)
You have an increased reservoir of magic. (+10% MP)
You are covered in fur. (AC +1)


Message History

Something hits you!!
You feel your power leaking away.
You block the demonspawn black sun's attack.
You now have 241/261 hp.
You puncture the demonspawn black sun!
You kill the demonspawn black sun!
The Council accepts your kill.
Your +9 spectral quick blade disappears.
No target in view!
No target in view!
You puncture something! x2; You bite something.
The Council accepts your kill.
Reactivating autopickup.
You feel a bit more experienced.
Things that are here:
a +2 demon trident of flaming; a +0 ring mail
(D) Dungeon (T) Temple (L) Lair (A) Shoals (N) Spider Nest (M) Slime Pits (O) Orcish Mines (E) Elven Halls (V) Vaults (C) Crypt (W) Tomb (U) Depths (H) Hell (I) Dis (G) Gehenna (X) Cocytus (Y) Tartarus (Z) Zot
Where to? (Enter - D:1, ? - help)
You feel a strong urge to attack something.
You feel your anger nearly subside.
You are no longer berserk.
You are exhausted.
You feel yourself slow down.
There is an open door here.
HP restored.
There is a stone staircase leading up here.
You climb upwards.
There is a stone staircase leading down here.
You now have 174/174 hp.
Magic restored.
You feel yourself speed up.
You recover from your berserk rage.
There is a staircase leading out of the dungeon here.
MP restored: 56
There is a staircase leading out of the dungeon here.
You have escaped!

..# #####......#######....)....##
..# #........................÷..#
..# #.#.####################.#..#
..# #.#......................#..#
#.###.#.######......######...#...
#..##.#......................#...
....#.#.##..##......##..##...#.#.
##....#...............[(.....#>..
##..###########@>############...
#.......# #2..3..# #######...#
###.#####.# #3###### #........##
#....####.# #.# #.......##
#.##...##.###.# #.......#
#.####........# #......## #.#
####.#...# #......# ..# #....##
###......### #### ##...#####
#..........##


You could see a balrug and 2 sun demons.

Vanquished Creatures
  Cerebov (Pan)
  Antaeus (Coc:7)
  Asmodeus (Geh:7)
  Ereshkigal (Tar:7)
  the Royal Jelly (Slime:5)
  Mnoleg (Pan)
  Ignacio (Pan)
  Gloorx Vloq (Pan)
  Lom Lobon (Pan)
  the Serpent of Hell (Geh:7)
  Dispater (Dis:7)
  6 dread liches
  6 orbs of fire (Zot:5)
  5 ancient liches
  Mennas (Tomb:1)
  The ghost of azzazzello the Sorcerer, a legendary GnWn of the Shining One (Zot:5)
  The ghost of Toid the Slayer, a veteran OgBe of Trog (Zot:3)
  2 juggernauts (Depths:3)
  Boris (Crypt:2)
  22 royal mummies
  Frederick (Depths:3)
  Bai Suzhen (Spider:3)
  4 Killer Klowns
  13 shard shrikes
  A curse toe (Zot:2)
  13 golden dragons
  20 caustic shrikes
  Geryon (Hell)
  5 profane servitors
  19 iron giants
  Nikola (Shoals:3)
  Arachne (Spider:2)
  16 pandemonium lords
  19 Brimstone Fiends
  20 bone dragons
  7 doom hounds
  32 Tzitzimimeh
  17 tentacled monstrosities
  Zenata (Elf:3)
  Rupert (D:15)
  5 electric golems
  2 walking crystal tomes (Depths:3)
  Asterion (Spider:3)
  20 Hell Sentinels
  12 hellephants
  A shard shrike skeleton (Tar:7)
  25 Orb Guardians
  14 Ice Fiends
  7 liches
  15 tainted leviathans
  5 quicksilver dragons
  A walking earthen tome (Depths:3)
  14 titans
  A walking divine tome (Depths:3)
  A deep elf blademaster (Elf:2)
  14 searing wretches
  2 deep elf master archers (Elf:3)
  2 walking frostbound tomes (Depths:3)
  20 acid blobs
  9 sphinxes
  41 Executioners (Pan)
  8 death cobs
  3 tentacled starspawn
  26 ancient champions
  Polyphemus (Shoals:2)
  3 eldritch tentacles
  15 storm dragons
  6 revenants
  Ilsuiw (Shoals:4)
  Donald (Spider:3)
  13 shadow dragons
  8 draconian monks
  3 draconian knights
  15 azure jellies
  16 narguns
  10 tengu reavers
  7 deep elf sorcerers
  24 frost giants
  15 demonspawn warmongers (Pan)
  20 vault wardens
  6 emperor scorpions
  7 quicksilver elementals
  63 balrugs
  9 fire giants
  6 deep elf elementalists
  2 imperial myrmidons (Desolation)
  A spectral juggernaut (Geh:1)
  10 rockslimes
  2 curse skulls (Pan)
  A juggernaut zombie (Crypt:3)
  7 draconian scorchers
  10 ghost moths
  21 iron dragons
  2 caustic shrike zombies (Tar:7)
  2 caustic shrike skeletons (Tar:7)
  3 draconian stormcallers
  5 draconian shifters
  27 cacodemons
  An orc warlord (Vaults:1)
  33 reapers
  6 formless jellyfish
  5 shard shrike simulacra
  17 demonspawn corrupters
  13 ironbound thunderhulks
  4 draconian annihilators
  10 quicksilver oozes
  2 spriggan defenders (Depths:3)
  17 ironbound preservers
  9 putrid mouths
  A juggernaut skeleton (Pan)
  2 broodmothers
  17 very ugly things
  31 war gargoyles
  19 demonspawn blood saints (Pan)
  9 vampire knights
  15 elemental wellsprings
  22 stone giants
  11 green draconians
  18 demonspawn black suns
  27 lorocyprocas
  7 black draconians
  9 wendigos
  Azrael (D:14)
  6 deep elf demonologists
  8 halazid warlocks
  15 yellow draconians
  13 deep elf annihilators
  11 purple draconians
  6 bennus
  A yellow draconian (shapeshifter) (Zot:3)
  14 starcursed masses
  40 iron golems
  2 purple draconians (shapeshifter) (Zot:3)
  14 spark wasps
  A minotaur (shapeshifter) (Zot:3)
  14 red draconians
  A red draconian (shapeshifter) (Zot:3)
  38 blizzard demons
  26 green deaths
  14 white draconians
  14 dire elephants
  13 ettins
  5 merfolk impalers (Shoals:4)
  4 crystal guardians
  11 deep elf death magi
  9 eidola
  17 mummy priests
  6 jiangshi
  6 deep elf high priests (Elf:3)
  A spectral elf (Tar:1)
  12 fire dragons
  10 merfolk javelineers
  9 ragged hierophants (Desolation)
  10 rakshasas
  A kraken zombie (Hell)
  3 hydras
  2 spectral spriggans
  5 entropy weavers
  17 great orbs of eyes
  2 spriggan zombies
  Fannar (Lair:2)
  15 yaktaur captains
  9 ice dragons
  6 caustic shrike simulacra (Coc:7)
  7 salamander tyrants
  3 catoblepae
  31 vault guards
  2 radroaches
  7 servants of whispers (Desolation)
  5 ogre magi
  6 merfolk avatars
  24 centaur warriors
  6 peacekeepers
  A spectral stone giant (Tar:5)
  16 ironbound frosthearts
  8 hell beasts
  9 spriggan air magi
  3 satyrs
  5 juggernaut simulacra
  An alligator snapping turtle (Shoals:4)
  8 stokers
  11 deep troll earth magi
  19 two-headed ogres
  9 merfolk aquamancers
  8 tengu warriors
  3 death knights
  9 death scarabs
  35 dancing weapons
  10 deep troll shamans
  13 boulder beetles
  3 death yaks
  17 hell hogs
  40 demonic crawlers
  6 vampire magi
  3 spectral dire elephants
  2 thrashing horrors (Abyss:2)
  2 titan zombies (Crypt:3)
  7 spriggan berserkers
  A shock serpent (shapeshifter) (Depths:1)
  5 spriggans
  15 hell knights
  A storm dragon zombie (Crypt:3)
  12 crystal echidnas
  65 soul eaters
  A titan skeleton (Pan)
  147 sun demons
  32 shadow wraiths
  36 sixfirhies
  22 iron trolls
  14 deep elf knights
  An iron giant zombie (Crypt:1)
  26 skeletal warriors
  4 skysharks
  6 pharaoh ants
  13 sea snakes
  11 orb spiders
  4 sun moths
  A swamp dragon (shapeshifter) (Depths:4)
  6 flayed ghosts
  6 glowing orange brains
  56 deep trolls
  2 spectral anacondas (Tar:5)
  A spectral iron dragon (Tar:6)
  2 quicksilver dragon simulacra
  A kraken simulacrum (Coc:7)
  17 shadow demons
  A cherub (Pan)
  14 deep elf archers
  A shadow dragon zombie (Crypt:3)
  6 spriggan simulacra
  A glowing orange brain (shapeshifter) (Vaults:5)
  21 wizards
  21 ironbound convokers
  A sphinx zombie (Crypt:1)
  5 orc knights
  2 orange crystal statues
  15 phantasmal warriors
  An iron giant skeleton (Crypt:3)
  4 anaconda skeletons
  19 harpies
  An obsidian statue (Vaults:1)
  14 steelbarb worms
  9 lindwurms
  12 necromancers
  11 shining eyes
  A spectral ettin (Tar:4)
  38 ugly things
  28 deep elf pyromancers
  19 wolf spiders
  16 deep elf zephyrmancers
  A stone giant zombie (Tar:7)
  6 cyclopes
  An oklob plant (Lair:3)
  An orc sorcerer (Orc:1)
  2 shadow dragon skeletons
  A wolf spider (shapeshifter) (Vaults:5)
  A jorogumo zombie (Crypt:2)
  A mana viper (shapeshifter) (D:13)
  7 merfolk sirens
  13 fauns
  34 moths of wrath
  17 manticores
  A draconian skeleton (Pan)
  A salamander (Abyss:4)
  A naga zombie (Tomb:3)
  A spectral centaur (Tar:1)
  8 rust devils
  Maurice (D:9)
  7 black mambas
  5 water nymphs
  A fire giant skeleton (Depths:1)
  22 vault sentinels
  17 elephants
  8 molten gargoyles
  75 smoke demons
  7 ice statues
  2 stone giant skeletons
  A centaur skeleton (Crypt:3)
  An eye of devastation (Slime:5)
  28 hellions
  18 cane toads
  2 human skeletons (Vaults:3)
  An emperor scorpion simulacrum (Coc:1)
  6 guardian serpents
  3 centaur zombies
  5 torpor snails
  2 naga skeletons
  36 orange demons
  A titan simulacrum (Coc:7)
  25 rime drakes
  10 freezing wraiths
  49 yaktaurs
  A dire elephant skeleton (Pan)
  A kobold demonologist (D:11)
  An alligator snapping turtle skeleton (Crypt:1)
  2 komodo dragons (shapeshifter)
  A bunyip simulacrum (Coc:1)
  3 anaconda simulacra
  A sea snake zombie (Hell)
  4 spectral nagas
  32 tormentors
  12 ice devils
  8 efreet
  An unseen horror (D:12)
  15 komodo dragons
  An orb spider zombie (Crypt:1)
  4 tengu conjurers
  10 red devils
  3 silent spectres
  A death yak skeleton (Crypt:1)
  An elf skeleton (Vaults:3)
  A minotaur skeleton (Pan)
  An ancient zyme (Abyss:4)
  6 harpy zombies
  6 trolls
  A meliai (shapeshifter) (Vaults:5)
  6 meliai (Depths:3)
  20 polar bears
  44 guardian mummies
  2 hydra zombies (Hell)
  2 iron giant simulacra (Coc:5)
  44 hellwings
  2 polar bears (shapeshifter)
  28 wind drakes
  45 saltlings (Desolation)
  31 merfolk
  79 large abominations
  5 harpy skeletons
  A guardian serpent zombie (Crypt:1)
  25 tarantellas
  A human simulacrum (Coc:1)
  5 raiju
  5 hornets
  12 snapping turtles
  A deep troll zombie (Vaults:3)
  An iron dragon simulacrum (Coc:7)
  6 dream sheep
  18 blink frogs
  2 satyr zombies (Crypt:2)
  A tarantella (shapeshifter) (Vaults:5)
  An alligator zombie (Hell)
  A hydra skeleton (Hell)
  52 flying skulls
  77 slime creatures
  24 jumping spiders
  3 air elementals (Elf:1)
  2 shadows
  A wind drake zombie (Crypt:1)
  60 ynoxinuls
  13 culicivoras
  4 wyverns
  2 vampires
  12 ushabtiu
  5 small abominations
  4 wraiths
  An alligator skeleton (Hell)
  A satyr skeleton (Crypt:2)
  5 spriggan skeletons
  56 yaks
  2 dire elephant simulacra (Coc:7)
  27 water elementals
  A golden eye (shapeshifter) (Elf:1)
  8 basilisks
  8 fire elementals
  3 steam dragons
  55 chaos spawn
  29 neqoxecs
  A sea snake simulacrum (Hell)
  9 vampire mosquitoes
  52 redbacks
  3 harpy simulacra
  An acid dragon (D:8)
  11 hell hounds
  An acid dragon (shapeshifter) (Depths:3)
  A floating eye (shapeshifter) (Abyss:4)
  16 water moccasins
  4 floating eyes
  7 ice beasts
  15 orc warriors
  2 black bears
  An ettin simulacrum (Coc:7)
  2 wolves (D:10)
  24 ogres
  4 boggarts (Zot:3)
  12 centaurs
  A blink frog skeleton (Crypt:2)
  9 kobold brigands
  2 elf zombies (Elf:1)
  13 bullfrogs
  2 necrophages (Crypt:3)
  4 earth elementals (Elf:1)
  A gnoll sergeant (D:11)
  4 scorpions
  5 wights (D:8)
  4 naga simulacra
  A salamander skeleton (Crypt:2)
  7 killer bees
  5 howler monkeys
  2 electric eels (D:6)
  3 lava snakes (Lair:5)
  A crimson imp (Depths:3)
  2 quasits
  3 jellies
  13 orc priests
  A gnoll bouda (D:7)
  A hound (D:6)
  A sleepcap (D:6)
  4 iguanas
  10 hell rats
  Natasha (twice) (D:2)
  13 orc wizards
  A hound skeleton (Crypt:1)
  55 mummies
  Robin (D:3)
  11 gnolls
  7 adders
  6 river rats
  2 shadow imps (Gauntlet)
  A white imp (D:7)
  3 ufetubi
  5 worms
  3 dart slugs (D:1)
  68 orcs
  9 ball pythons
  12 endoplasms
  4 giant cockroaches
  18 goblins
  12 hobgoblins
  7 jackals (D:1)
  3 quokkas
  7 bats
  3 frilled lizards
  18 kobolds
  An orc zombie (Crypt:2)
  14 rats
  A rat skeleton (Crypt:1)
  A butterfly (Zot:3)
  2 creeping infernos
  12 fire vortices
  A lurking horror (Abyss:2)
  2 tentacles (Coc:7)
4626 creatures vanquished.

Vanquished Creatures (collateral kills)
  A very ugly thing (Pan)
  A jumping spider (Gauntlet)
  A large abomination (Pan)
3 creatures vanquished.

Vanquished Creatures (others)
  A pandemonium lord (Pan)
  An eldritch tentacle (Tomb:2)
  A shard shrike simulacrum (Coc:5)
  An elemental wellspring (Coc:7)
  A wendigo (Coc:5)
  A spriggan air mage (Depths:4)
  A deep elf knight (Elf:3)
  2 sun demons (Pan)
  2 wizards
  A harpy (Shoals:4)
  A spriggan simulacrum (Coc:7)
  A steelbarb worm (Spider:2)
  A deep elf zephyrmancer (Elf:2)
  A smoke demon (Pan)
  A hellion (Coc:5)
  A bunyip simulacrum (Coc:2)
  An iron giant simulacrum (Coc:5)
  2 tormentors (Pan)
  A hellwing (Pan)
  A ynoxinul (Pan)
  A neqoxec (Pan)
  2 harpy simulacra
  An ettin simulacrum (Coc:7)
  A creeping inferno (Geh:2)
  144 spectral weapons
  13 starspawn tentacles
  4 tentacles (Coc:7)
189 creatures vanquished.

Grand Total: 4818 creatures vanquished

Notes
Turn   | Place    | Note
-------+----------+-------------------------------------------
     0 | D:1      | Ofeo the Vine Stalker Brigand began the quest for the Orb.
     0 | D:1      | Reached XP level 1. HP: 11/11 MP: 2/2
    56 | D:1      | Reached skill level 1 in Dodging
    56 | D:1      | Reached XP level 2. HP: 14/15 MP: 3/3
   123 | D:1      | Reached skill level 5 in Stealth
   602 | D:1      | Reached XP level 3. HP: 17/18 MP: 4/4
  1427 | D:2      | Gained mutation: Your natural rate of healing is unusually
                  | fast. [Vine Stalker growth]
  1427 | D:2      | Reached XP level 4. HP: 18/23 MP: 5/5
  1543 | D:2      | Noticed Natasha
  1549 | D:2      | Killed Natasha
  1914 | D:2      | Noticed Natasha
  1923 | D:2      | Killed Natasha
  1924 | D:2      | Reached XP level 5. HP: 23/27 MP: 2/6
  2287 | D:3      | Found a glowing drain.
  2291 | Sewer    | Entered a sewer
  2544 | Sewer    | Noticed a kobold brigand
  2564 | Sewer    | Killed a kobold brigand
  2565 | Sewer    | Reached XP level 6. HP: 32/32 MP: 5/7
  2962 | Sewer    | Reached XP level 7. HP: 36/36 MP: 6/8
  3435 | D:3      | Noticed Robin
  3463 | D:3      | Killed Robin
  3562 | D:3      | Found a bloodstained altar of Trog.
  3563 | D:3      | Found a shadowy altar of Dithmenos.
  3883 | D:3      | Found a stormy altar of Qazlal.
  3884 | D:3      | Found a sparkling altar of Nemelex Xobeh.
  3886 | D:3      | Found a snail-covered altar of Cheibriados.
  4597 | D:3      | Found a faded altar of an unknown god.
  4826 | D:4      | Identified the +0 leather armour "Goyhod" {Will- Str+6
                  | Dex+3}
  4849 | D:4      | Gained mutation: You have razor-sharp teeth. [Vine Stalker
                  | growth]
  4849 | D:4      | Reached XP level 8. HP: 42/42 MP: 9/9
  5145 | D:4      | Found a sacrificial altar of Ru.
  5497 | D:5      | Entered Level 5 of the Dungeon
  5720 | D:5      | Found an ancient bone altar of Kikubaaqudgha.
  5826 | D:5      | Found the +7 staff of the Meek {protect, meekguard}
  6099 | D:5      | Found Sic Bote's Weapon Boutique.
  6736 | D:6      | Found a hide-covered altar of Uskayaw.
  6739 | D:6      | Reached XP level 9. HP: 46/46 MP: 10/10
  7042 | D:6      | Reached skill level 5 in Short Blades
  7062 | D:6      | Found a basalt altar of Yredelemnul.
  7087 | D:6      | Reached skill level 5 in Fighting
  7112 | D:6      | Reached skill level 5 in Throwing
  7234 | D:7      | You fall into a shaft and drop 3 floors!
  7234 | D:10     | Entered Level 10 of the Dungeon
  7278 | D:11     | Found a gate leading to a gauntlet.
  7292 | Gauntlet | Entered a Gauntlet
  7292 | Gauntlet | Found a transporter.
  7292 | Gauntlet | Found a transporter.
  7297 | Gauntlet | Found a transporter.
  7297 | Gauntlet | Found a transporter.
  7297 | Gauntlet | Found the +3 pair of gauntlets of War {Slay+5}
  7297 | Gauntlet | Noticed a soul eater
  7301 | Gauntlet | Found a transporter.
  7301 | Gauntlet | Found a transporter.
  7326 | Gauntlet | Noticed a fire crab
  7328 | Gauntlet | Found a transporter.
  7331 | Gauntlet | Found a transporter.
  7334 | Gauntlet | Noticed a balrug
  7343 | Gauntlet | Found a transporter.
  7356 | Gauntlet | Noticed an entropy weaver
  7357 | Gauntlet | Found a transporter.
  7357 | Gauntlet | Noticed a wolf spider
  7374 | Gauntlet | Found a transporter.
  7375 | Gauntlet | Found a transporter.
  7381 | Gauntlet | Noticed a gargoyle
  7382 | Gauntlet | Noticed a catoblepas
  7632 | Gauntlet | Identified the +1 helmet "Afuid" {MP+9 Str-2 Int+2 Stlth+}
  7694 | Gauntlet | Identified the amulet "Exisout" {Acrobat rF+ MP+9}
  7694 | Gauntlet | Noticed a minotaur
  7706 | Gauntlet | Identified the staff of poison "Olausm" {rPois Int+7 Dex-2
                  | SInv}
  7725 | D:10     | Noticed a troll
  7920 | D:9      | Identified the +6 chain mail of Jigsaw {Stlth+}
  7931 | D:9      | Found a flagged portal.
  7939 | Bailey   | Entered a bailey
  8051 | Bailey   | Reached XP level 10. HP: 55/55 MP: 11/11
  8052 | Bailey   | Reached skill level 10 in Stealth
  8052 | Bailey   | Reached XP level 11. HP: 60/60 MP: 12/12
  8053 | Bailey   | Reached XP level 12. HP: 66/66 MP: 13/13
  8054 | Bailey   | Reached XP level 13. HP: 71/71 MP: 14/14
  8597 | D:9      | Noticed Maurice
  8607 | D:9      | Killed Maurice
  8623 | D:9      | Found a glowing golden altar of the Shining One.
  8684 | D:9      | Found a blossoming altar of Fedhas.
  9072 | D:9      | Found a staircase to the Orcish Mines.
  9081 | D:9      | Acquired the +9 rapier "Pezal" {venom, *Corrode Str+2 Int+9
                  | Stlth-}
  9306 | D:10     | Found a staircase to the Lair.
  9727 | D:10     | Reached skill level 10 in Short Blades
  9800 | D:10     | Found a glowing silver altar of Zin.
  9800 | D:10     | Found an opulent altar of Gozag.
  9910 | D:8      | Reached skill level 10 in Fighting
  9910 | D:8      | Reached skill level 10 in Throwing
 11568 | D:7      | Found a staircase to the Ecumenical Temple.
 11574 | Temple   | Entered the Ecumenical Temple
 11666 | Temple   | Upgraded the game from 0.31-a0-152-g6aa68a64a1 to
                  | 0.31-a0-154-g56bf346678
 11699 | Temple   | Became a worshipper of the Wu Jian Council
 11961 | D:11     | Found a bloodstained altar of Trog.
 12293 | D:11     | Reached XP level 14. HP: 77/77 MP: 15/15
 12445 | D:11     | Reached * piety under Wu Jian
 12853 | Lair:1   | Entered Level 1 of the Lair of Beasts
 13323 | Lair:1   | Acquired 801 gold pieces
 13947 | Lair:2   | Reached ** piety under Wu Jian
 13998 | Lair:2   | Noticed Fannar
 14004 | Lair:2   | Killed Fannar
 14546 | Lair:2   | Found a staircase to the Shoals.
 14986 | Lair:3   | Found a hole to the Spider Nest.
 15043 | Lair:3   | Reached skill level 10 in Dodging
 15293 | Lair:3   | Reached *** piety under Wu Jian
 15700 | Lair:3   | Found a blossoming altar of Fedhas.
 16547 | Lair:4   | Reached XP level 15. HP: 64/83 MP: 16/16
 16567 | Lair:4   | Reached skill level 1 in Evocations
 17162 | Lair:5   | Entered Level 5 of the Lair of Beasts
 17243 | Lair:5   | Reached **** piety under Wu Jian
 17334 | Lair:5   | Found a staircase to the Slime Pits.
 17334 | Lair:5   | Found a viscous altar of Jiyva.
 17533 | Lair:5   | Found a dark tunnel.
 17540 | Volcano  | Entered a volcano
 18197 | Lair:5   | Found a large runed translucent door.
 18252 | Lair:5   | Reached ***** piety under Wu Jian
 18290 | Lair:5   | Found a large runed translucent door.
 18306 | Lair:5   | Reached skill level 1 in Shields
 19027 | Orc:1    | Entered Level 1 of the Orcish Mines
 19272 | Orc:2    | Entered Level 2 of the Orcish Mines
 19766 | Orc:2    | Found a staircase to the Elven Halls.
 19890 | Orc:2    | Found Yrro's Armour Shoppe.
 19890 | Orc:2    | Found Ytounaip's Magic Scroll Boutique.
 19891 | Orc:2    | Found Xal Cieji's Book Shop.
 19891 | Orc:2    | Found Caecubo's Antique Weapon Shoppe.
 19895 | Orc:2    | Paralysed by something for 4 turns
 19935 | Orc:2    | Reached XP level 16. HP: 76/88 MP: 17/17
 19964 | Orc:2    | Paralysed by something for 5 turns
 20042 | Orc:2    | Bought a bloodstained dagger for 175 gold pieces
 20042 | Orc:2    | Identified the +2 dagger of Pihoits {drain, rPois Str-2
                  | Int+3} (You bought it in a shop on level 2 of the Orcish
                  | Mines)
 20044 | Orc:2    | Bought 2 scrolls of magic mapping for 165 gold pieces
 20044 | Orc:2    | Bought a scroll of blinking for 82 gold pieces
 20044 | Orc:2    | Bought a scroll of teleportation for 33 gold pieces
 20617 | D:12     | Reached ****** piety under Wu Jian
 20712 | D:12     | Identified the +5 quarterstaff "Canni" {drain, rC+ Dex+3}
 21231 | D:13     | Reached skill level 5 in Armour
 22168 | D:14     | Noticed Azrael
 22179 | D:14     | Killed Azrael
 22310 | D:14     | Found a transporter.
 22311 | D:14     | Found a transporter.
 22384 | D:14     | Found a gate to the Vaults.
 22461 | D:14     | Found a transporter.
 22474 | D:14     | Found a transporter.
 22830 | D:14     | Reached skill level 5 in Evocations
 22949 | D:15     | Entered Level 15 of the Dungeon
 23172 | D:15     | Found a staircase to the Depths.
 23198 | D:15     | Reached XP level 17. HP: 94/94 MP: 18/18
 23199 | D:15     | Noticed Rupert
 23209 | D:15     | Killed Rupert
 23664 | D:15     | Acquired the ring "Tamigroxie" {rPois rN+ EV+5 Dex-2}
 23870 | Spider:1 | Entered Level 1 of the Spider Nest
 23901 | Spider:1 | Reached skill level 1 in Spellcasting
 24727 | Spider:1 | Reached skill level 15 in Stealth
 24758 | Spider:1 | You fall into a shaft and drop 1 floor!
 25123 | Spider:1 | Reached skill level 5 in Shields
 25670 | Spider:1 | Upgraded the game from 0.31-a0-154-g56bf346678 to
                  | 0.31-a0-161-gb58dd9be76
 26241 | Spider:2 | Noticed Arachne
 26246 | Spider:2 | Killed Arachne
 26290 | Spider:3 | Found a frozen archway.
 26290 | Spider:3 | Identified Roxanne's Information on the Gestalt
 26290 | Spider:3 | Noticed Roxanne
 26301 | IceCv    | Entered an ice cave
 26389 | IceCv    | Identified the staff of poison "Qiheir" {rPois rC++ Str-4
                  | Dex+4}
 26597 | IceCv    | Noticed a shard shrike
 26600 | IceCv    | Killed a shard shrike
 26600 | IceCv    | Reached XP level 18. HP: 99/99 MP: 24/24
 27505 | Spider:3 | Noticed Donald
 27528 | Spider:3 | Killed Donald
 27989 | Spider:3 | Noticed Bai Suzhen
 28007 | Spider:3 | Killed Bai Suzhen
 28132 | Spider:3 | Noticed Asterion
 28154 | Spider:3 | Killed Asterion
 28576 | Shoals:1 | Entered Level 1 of the Shoals
 29283 | Shoals:1 | Found Cell's Book Shoppe.
 29926 | Shoals:2 | Reached XP level 19. HP: 105/105 MP: 26/26
 29976 | Shoals:2 | Noticed Polyphemus
 29995 | Shoals:2 | Killed Polyphemus
 30486 | Shoals:3 | Noticed Nikola
 30524 | Shoals:3 | Killed Nikola
 30619 | Shoals:3 | Found a flickering gateway to a bazaar.
 30628 | Bazaar   | Entered a bazaar
 30642 | Bazaar   | Found Burphoisk's Jewellery Shop.
 30642 | Bazaar   | Found Ycvufov's Book Boutique.
 30659 | Bazaar   | Bought a ring of fire for 275 gold pieces
 31212 | Shoals:4 | Entered Level 4 of the Shoals
 31213 | Shoals:4 | Upgraded the game from 0.31-a0-161-gb58dd9be76 to
                  | 0.31-a0-164-g2312942fda
 31603 | Shoals:4 | Got the Secrets of Fuming Destruction
 31753 | Shoals:4 | Identified the staff of fire "Pirops" {rF+ Int+4}
 31806 | Shoals:4 | Got a barnacled rune of Zot
 31969 | Shoals:4 | Found Perac's Antique Armour Boutique.
 32021 | Shoals:4 | Noticed Ilsuiw
 32296 | Shoals:4 | Killed Ilsuiw
 32620 | Spider:4 | Entered Level 4 of the Spider Nest
 33121 | Spider:4 | Reached XP level 20. HP: 112/112 MP: 27/27
 33183 | Spider:4 | Got a gossamer rune of Zot
 33662 | Vaults:1 | Entered Level 1 of the Vaults
 34007 | Vaults:1 | Reached skill level 15 in Fighting
 34309 | Vaults:1 | Reached skill level 10 in Shields
 35238 | Vaults:2 | Found a flickering gateway to a bazaar.
 35246 | Bazaar   | Entered a bazaar
 35276 | Bazaar   | Found Kolaj's Jewellery Shoppe.
 35366 | Bazaar   | Found Dubb's Assorted Antiques.
 35396 | Bazaar   | Found Ofeenics's Book Boutique.
 35439 | Bazaar   | Found Daddiuke's Magic Scroll Shoppe.
 35672 | Bazaar   | Bought a scroll of enchant armour for 120 gold pieces
 35724 | Bazaar   | Bought the ring "Oraibick" {rElec rPois rF+ Dex+6} for 734
                  | gold pieces
 35762 | Bazaar   | Bought a manual of Fighting for 800 gold pieces
 36971 | Vaults:2 | Found Kaixt's Distillery.
 36977 | Vaults:2 | Bought 2 potions of resistance for 400 gold pieces
 37056 | Vaults:2 | Found Leasounk's Assorted Antiques.
 37306 | Vaults:2 | Found Uhiynoits's Armour Shop.
 37858 | Vaults:3 | Reached XP level 21. HP: 120/120 MP: 28/28
 38165 | Vaults:3 | Found a staircase to the Crypt.
 38401 | Vaults:3 | Found a portal to a secret trove of treasure.
 38810 | Vaults:3 | Reached skill level 15 in Dodging
 39873 | Vaults:4 | Noticed an ancient lich
 39919 | Vaults:4 | Killed an ancient lich
 39947 | Vaults:4 | Identified the +4 great mace of Righteous Anger {spect,
                  | rElec Int+3}
 40139 | Vaults:4 | Reached XP level 22. HP: 116/130 MP: 29/29
 40307 | Vaults:4 | Found Upyfuzasu's Weapon Shoppe.
 40997 | Elf:1    | Entered Level 1 of the Elven Halls
 42810 | Elf:1    | Got Kikubaaqudgha's Lessons on Open Graves
 43033 | Elf:2    | Found a crumbling gateway.
 43044 | Desolati | Entered the Desolation of Salt
 43200 | Desolati | Found the +10 zealot's sword {holy, Zealotry, *Rage rN+
                  | EV+3}
 43209 | Desolati | Identified the ring of Usem {Int+2 Dex+6}
 43214 | Desolati | Got Sopruyna's Cyclopedia of the Tectonic Voyage
 43229 | Desolati | Identified the ring of Ucze {rElec rN+ Int+6 SInv}
 43241 | Desolati | Identified the +4 pair of boots of the Untouchables {Str+3
                  | Int+3}
 43366 | Desolati | Reached skill level 1 in Long Blades
 43451 | Desolati | Identified the +2 robe of Hairiness {Rampage}
 43460 | Desolati | Identified the +5 scimitar of the Feral God {pain, Int+3
                  | SInv}
 43549 | Desolati | Identified the +1 robe of the Six Xenops {rElec SInv
                  | Archmagi}
 43554 | Desolati | Identified the +0 plate armour "Qife" {*Corrode rC+ rN++
                  | Str+2}
 43924 | Elf:2    | Found a runed translucent gate.
 43928 | Elf:2    | Found a runed translucent gate.
 43928 | Elf:2    | Found a runed translucent gate.
 44639 | Elf:3    | Entered Level 3 of the Elven Halls
 44793 | Elf:2    | Reached XP level 23. HP: 135/135 MP: 30/30
 45115 | Elf:3    | Found the +0 pair of fencer's gloves {Riposte Dex+3}
 45117 | Elf:3    | Identified the +5 long sword "Yppuil Tej" {antimagic, rC+
                  | Str+5}
 45193 | Elf:3    | Identified the amulet of the Duke {Reflect rF- Will+ SH+5
                  | SInv}
 45206 | Elf:3    | Identified the staff of fire "Huolai Sashry" {Fly rF+ Will-
                  | MP+9}
 45229 | Elf:3    | Identified the +8 great sword "Xeiviy" {freeze, rN+}
 45299 | Elf:3    | Identified the +1 fire dragon scales "Gikhil" {rF++ rC-
                  | Will+ Dex+5}
 45371 | Elf:3    | Identified the +6 tower shield of the Cherry {rF+}
 45381 | Elf:3    | Identified the +3 spear of the Caustic God {holy, rCorr
                  | Dex+3}
 45384 | Elf:3    | Identified the +2 long sword of Broken Luck {heavy, rCorr
                  | Dex+3}
 45859 | Elf:3    | Noticed Zenata
 45887 | Elf:3    | Killed Zenata
 46360 | Vaults:2 | Bought a potion of haste for 400 gold pieces
 46360 | Vaults:2 | Bought a scroll of enchant weapon for 300 gold pieces
 46474 | Depths:1 | Entered Level 1 of the Depths
 46508 | Depths:1 | Reached skill level 15 in Shields
 46618 | Depths:1 | Found a one-way gate leading to the halls of Pandemonium.
 46777 | Depths:1 | Found Xeol Vyrph's Neck Hole.
 46844 | Depths:1 | Found Gecus's Book Shoppe.
 46844 | Depths:1 | Found Fodokivit's Jewellery Boutique.
 46845 | Depths:1 | Found Catik's Book Shoppe.
 47039 | Depths:1 | Found the +5 glaive of the Guard {elec, spectral, AC+5}
 47171 | Depths:1 | Identified the +3 sling "Luxzemey" {elec, rF- rN++ Dex+5}
 47371 | Depths:1 | Found a gateway to Hell.
 47443 | Depths:2 | Found a one-way gateway to a ziggurat.
 47918 | Depths:2 | Reached XP level 24. HP: 95/144 MP: 30/30
 48399 | Depths:2 | Found a stormy altar of Qazlal.
 48550 | Depths:2 | Noticed a dread lich
 48568 | Depths:2 | Killed a dread lich
 48573 | Depths:2 | Identified the staff of cold "Comuam" {rElec rF+ rC+ Str+2
                  | Stlth-}
 49400 | Depths:3 | Noticed a juggernaut
 49431 | Depths:3 | Killed a juggernaut
 49521 | Depths:3 | Noticed a caustic shrike
 49541 | Depths:3 | Killed a caustic shrike
 49647 | Depths:3 | Found a one-way gate to the infinite horrors of the Abyss.
 49647 | Depths:3 | Noticed a juggernaut
 49659 | Depths:3 | Killed a juggernaut
 49662 | Depths:3 | Identified the ring "Yfo Neb" {rPois Will++}
 49670 | Depths:3 | Identified the +2 battleaxe of Arrival {protect, rPois
                  | Str+2}
 49727 | Depths:3 | Identified the amulet "Locoat" {Acrobat -Tele Int+6}
 49729 | Depths:3 | Identified the +0 chain mail of the Abyss {+Inv rElec rF+
                  | Dex-2}
 49735 | Depths:3 | Got the Exposition on Noxious Teratogeny
 49797 | Depths:3 | Noticed Frederick
 49807 | Depths:3 | Killed Frederick
 49980 | Depths:3 | Identified the +6 great sword of the Shimmering Gods
                  | {speed, rN+ Str+4 Dex-5}
 50950 | Depths:3 | Reached XP level 25. HP: 149/149 MP: 30/30
 51251 | Depths:4 | Entered Level 4 of the Depths
 51395 | Depths:4 | Found a gate to the Realm of Zot.
 51633 | Depths:4 | Reached skill level 5 in Long Blades
 51666 | Depths:4 | Paralysed by a floating eye for 2 turns
 53077 | Slime:1  | Entered Level 1 of the Pits of Slime
 53358 | Slime:2  | Gained mutation: You occasionally lose the ability to read
                  | scrolls when taking damage. [a shining eye]
 53381 | Slime:2  | Gained mutation: You have sharp toenails. [a shining eye]
 53385 | Slime:2  | Gained mutation: You are dopey. (Int -2) [a shining eye]
 53387 | Slime:2  | Gained mutation: You sometimes lose the ability to read
                  | scrolls when taking damage. [a shining eye]
 53390 | Slime:2  | Gained mutation: Your spells are a little easier to cast,
                  | but a little less powerful. [a shining eye]
 53396 | Slime:2  | Gained mutation: Your body sometimes deteriorates upon
                  | taking damage. [a shining eye]
 53589 | Slime:5  | Entered Level 5 of the Pits of Slime
 53601 | Slime:5  | Lost mutation: You are dopey. (Int -2) [a shining eye]
 53603 | Slime:5  | Gained mutation: You are frail. (-10% HP) [a shining eye]
 53606 | Slime:5  | Gained mutation: Your body often deteriorates upon taking
                  | damage. [a shining eye]
 53628 | Slime:5  | Lost mutation: You have sharp toenails. [potion of
                  | mutation]
 53628 | Slime:5  | Lost mutation: Your body often deteriorates upon taking
                  | damage. [potion of mutation]
 53628 | Slime:5  | Gained mutation: Your mind is acute. (Int +4, Str/Dex -1)
                  | [potion of mutation]
 53629 | Slime:5  | Lost mutation: You sometimes lose the ability to read
                  | scrolls when taking damage. [potion of mutation]
 53629 | Slime:5  | Lost mutation: Your body sometimes deteriorates upon taking
                  | damage. [potion of mutation]
 53629 | Slime:5  | Gained mutation: You have large cloven feet. [potion of
                  | mutation]
 53629 | Slime:5  | Gained mutation: You are very frail. (-20% HP) [potion of
                  | mutation]
 53629 | Slime:5  | Lost mutation: Your spells are a little easier to cast, but
                  | a little less powerful. [potion of mutation]
 53630 | Slime:5  | Lost mutation: You have large cloven feet. [potion of
                  | mutation]
 53630 | Slime:5  | Lost mutation: Your mind is acute. (Int +4, Str/Dex -1)
                  | [potion of mutation]
 53630 | Slime:5  | Lost mutation: You are very frail. (-20% HP) [potion of
                  | mutation]
 53630 | Slime:5  | Gained mutation: You are clumsy. (Dex -2) [potion of
                  | mutation]
 53630 | Slime:5  | Gained mutation: You are covered in fur. (AC +1) [potion of
                  | mutation]
 53631 | Slime:5  | Lost mutation: You are covered in fur. (AC +1) [potion of
                  | mutation]
 53631 | Slime:5  | Lost mutation: You occasionally lose the ability to read
                  | scrolls when taking damage. [potion of mutation]
 53631 | Slime:5  | Gained mutation: You have sharp toenails. [potion of
                  | mutation]
 53631 | Slime:5  | Gained mutation: You have sharp fingernails. [potion of
                  | mutation]
 53631 | Slime:5  | Lost mutation: You have sharp fingernails. [potion of
                  | mutation]
 53632 | Slime:5  | Lost mutation: You are frail. (-10% HP) [potion of
                  | mutation]
 53632 | Slime:5  | Lost mutation: You have sharp toenails. [potion of
                  | mutation]
 53632 | Slime:5  | Lost mutation: You are clumsy. (Dex -2) [potion of
                  | mutation]
 53632 | Slime:5  | Gained mutation: Your body sometimes deteriorates upon
                  | taking damage. [potion of mutation]
 53632 | Slime:5  | Gained mutation: Your muscles are strong. (Str +4, Int/Dex
                  | -1) [potion of mutation]
 53644 | Slime:5  | Found a viscous altar of Jiyva.
 53646 | Slime:5  | Noticed the Royal Jelly
 53735 | Slime:5  | Killed the Royal Jelly
 53765 | Slime:5  | Identified the ring of Mariyraa {rElec rF- rC+ rN+++ Dex+6}
 53785 | Slime:5  | Identified the staff of earth "Eplitov" {Int+5}
 53836 | Slime:5  | Identified the +1 chain mail of Waxki {*Corrode rN+ Dex+4}
 53838 | Slime:5  | Got a slimy rune of Zot
 53903 | Slime:5  | Identified the +5 hand axe "Ralaribi" {heavy, rCorr Str-4
                  | Dex+4}
 53929 | Slime:5  | Identified the +1 mace "Tettikk" {freeze, rElec Int+2
                  | Dex-2}
 54301 | Vaults:5 | Entered Level 5 of the Vaults
 54302 | Vaults:5 | Noticed a dread lich
 54318 | Vaults:5 | Killed a dread lich
 54327 | Vaults:5 | Reached XP level 26. HP: 156/156 MP: 30/30
 54391 | Vaults:5 | Identified the ring "Ycuuhic" {rF++ EV+5}
 54539 | Vaults:5 | Identified the amulet of Eloezi {RegenMP Drain *Slow rPois
                  | Regen+}
 54587 | Vaults:5 | Identified the amulet of Maro {Faith Int+4}
 54702 | Vaults:5 | Got the Commentary on Vitiation and the Salamander
 54857 | Vaults:5 | Got a silver rune of Zot
 55123 | Vaults:5 | Identified the +1 quarterstaff of Vomidwar {heavy, *Corrode
                  | Fly rElec rN++}
 55129 | Vaults:5 | Got the Precepts of the Curse and Transposition
 55131 | Vaults:5 | Identified the ring of Wileoh {Ice *Slow Will+ Str+2}
 55361 | Vaults:5 | Identified the +4 dagger of a Labyrinth {heavy, rF+}
 56127 | Crypt:1  | Entered Level 1 of the Crypt
 56607 | Crypt:1  | Identified the amulet "Daciumn" {RegenMP rF- Str+5 Int+6}
 56869 | Crypt:1  | You fall into a shaft and drop 1 floor!
 57647 | Crypt:2  | Noticed Boris
 57662 | Crypt:2  | Killed Boris
 57663 | Crypt:2  | Reached XP level 27. HP: 163/163 MP: 30/30
 58096 | Crypt:3  | Entered Level 3 of the Crypt
 58469 | Crypt:3  | Learned a level 2 spell: Blink
 58471 | Crypt:3  | Learned a level 1 spell: Apportation
 58474 | Crypt:3  | Learned a level 2 spell: Passwall
 58478 | Crypt:3  | Learned a level 3 spell: Swiftness
 58625 | Crypt:3  | Found an ancient bone altar of Kikubaaqudgha.
 58626 | Crypt:3  | Noticed a dread lich
 58629 | Crypt:3  | Killed a dread lich
 58757 | Crypt:3  | Identified the +1 shortbow of Spores {flame, rPois rF+}
 58900 | Crypt:3  | Found a staircase to the Tomb.
 58920 | Crypt:3  | Identified the amulet of Goham {rF- rC++ Regen+}
 58920 | Crypt:3  | Identified the ring of Suspected Treachery {+Blink rN+}
 58920 | Crypt:3  | Identified the ring of Coronation {rN+ MP-9 Str+4}
 59013 | Crypt:3  | Identified the ring "Adecoh" {rElec rF+ rN+ rCorr Slay+3}
 59477 | Depths:3 | Voluntarily entered the Abyss.
 59477 | Abyss:1  | Found a corrupted altar of Lugonu.
 59606 | Abyss:1  | Found a corrupted altar of Lugonu.
 59611 | Abyss:1  | Found a corrupted altar of Lugonu.
 60220 | Abyss:4  | Found a corrupted altar of Lugonu.
 60293 | Abyss:4  | Found a corrupted altar of Lugonu.
 60338 | Abyss:4  | Got an abyssal rune of Zot
 60381 | Depths:3 | Escaped the Abyss
 60518 | Pan      | Entered Pandemonium
 60705 | Pan      | Identified the +6 trident of Iconoclasm {freeze, Dex+8
                  | Stlth+}
 60942 | Pan      | Reached skill level 10 in Armour
 61033 | Pan      | Noticed Tieq the pandemonium lord
 61040 | Pan      | Killed Tieq the pandemonium lord
 61051 | Pan      | Identified the +8 ring mail of Wasted Space {rCorr Dex+3
                  | Stlth+}
 61276 | Pan      | Noticed Ufilolui the pandemonium lord
 61434 | Pan      | Killed Ufilolui the pandemonium lord
 62437 | Pan      | Noticed Acoibb the pandemonium lord
 62493 | Pan      | Killed Acoibb the pandemonium lord
 63459 | Pan      | Lost mutation: Your muscles are strong. (Str +4, Int/Dex
                  | -1) [a neqoxec]
 63521 | Pan      | Noticed Hiaduc the pandemonium lord
 63570 | Pan      | Killed Hiaduc the pandemonium lord
 63576 | Pan      | Identified the +0 pair of gloves of Ystom {Int+5}
 63905 | Pan      | Gained mutation: Your magical capacity is low. (-10% MP) [a
                  | neqoxec]
 63907 | Pan      | Gained mutation: You are weak. (Str -2) [a neqoxec]
 63997 | Pan      | Noticed Kaeth the pandemonium lord
 64004 | Pan      | Gained mutation: You are vulnerable to cold. (rC-) [a
                  | neqoxec]
 64014 | Pan      | Identified the +5 falchion of Bablu {vamp, Int+3}
 64031 | Pan      | Killed Kaeth the pandemonium lord
 64047 | Pan      | HP: 6/165 [demonspawn warmonger/+3 great sword (4)]
 64492 | Pan      | Acquired 665 gold pieces
 65260 | Pan      | Gained mutation: You are dopey. (Int -2) [a cacodemon]
 65265 | Pan      | Gained mutation: You occasionally shout uncontrollably at
                  | your foes. [a cacodemon]
 66076 | Pan      | Noticed Olirotot the pandemonium lord
 66092 | Pan      | Killed Olirotot the pandemonium lord
 66098 | Pan      | Got a demonic rune of Zot
 66535 | Pan      | Identified the +0 robe of Hedonism {rN+ rCorr Dex+4 Stlth+}
 66992 | Pan      | Noticed Acaij the pandemonium lord
 67011 | Pan      | Killed Acaij the pandemonium lord
 67301 | Pan      | Found an exit through the horrors of the Abyss.
 67517 | Pan      | Identified the +4 longbow of Armageddon {elec, Int+2 Dex+6}
 67618 | Pan      | Took an exit into the Abyss.
 67618 | Abyss:4  | Escaped into the Abyss
 67627 | Abyss:4  | Found a corrupted altar of Lugonu.
 67675 | Abyss:4  | Found a corrupted altar of Lugonu.
 67682 | Depths:2 | Escaped the Abyss
 67855 | Vaults:3 | You paid a toll of +2 gold dragon scales to enter a
                  | treasure trove
 67856 | Trove    | Entered a treasure trove
 67864 | Trove    | Identified the +3 kite shield of Rotation {rC++ Str-4 SInv}
 67869 | Trove    | Identified the +2 hat of the Sturgeon {rN+}
 67873 | Trove    | Identified the -1 buckler of Compassion {rN+ Str+4}
 67900 | Trove    | Identified the ring "Unnafomy" {rC- rN+ Str+2 Dex+4}
 67920 | Trove    | Identified the ring of Ychuzo {Fly EV+5 Str+2}
 67942 | Trove    | Identified the ring "Okhetwop" {+Blink MP+9 Str+2 Int+10
                  | Dex-2}
 67962 | Trove    | Identified the ring "Wozaal" {rPois Str+2}
 67981 | Trove    | Identified the ring "Qovoygh" {rElec rPois rN+ MP+9 Dex-3}
 68000 | Trove    | Identified the ring "Haut" {rC+ Will- MP+9 Dex+2 Slay+3}
 68014 | Trove    | Identified the amulet "Qivont" {Spirit Contam rN+ Stlth+}
 68015 | Trove    | Identified the amulet of the Madman {RegenMP Harm Str+6
                  | Int+3}
 68016 | Trove    | Identified the amulet of Gevoqugg {Spirit Rampage rPois
                  | Int+3 Slay-2}
 68356 | Zot:1    | Entered Level 1 of the Realm of Zot
 70302 | Zot:3    | Found a transporter.
 70309 | Zot:3    | Found a bloodstained altar of Trog.
 70316 | Zot:3    | Found a transporter.
 70333 | Zot:3    | Identified the +0 cloak of the Untouchables {rPois rF+
                  | Str+3 Dex-5}
 70333 | Zot:3    | Identified the +0 cloak "Keep" {Dex+3}
 70334 | Zot:3    | Noticed Toid's ghost (veteran OgBe)
 70345 | Zot:3    | Identified the ring of Qucarr {Ice Fly rPois}
 71452 | Zot:3    | Killed Toid's ghost
 71470 | Zot:3    | Identified the +8 scimitar "Pycroore" {freeze, Fly rPois
                  | Int+4}
 71474 | Zot:3    | Identified the ring "Yrche Req" {rPois rN+ rCorr Int-3
                  | Dex+10}
 71638 | Zot:3    | Lost mutation: You are vulnerable to cold. (rC-) [potion of
                  | mutation]
 71638 | Zot:3    | Lost mutation: You are weak. (Str -2) [potion of mutation]
 71638 | Zot:3    | Lost mutation: Your body sometimes deteriorates upon taking
                  | damage. [potion of mutation]
 71638 | Zot:3    | Gained mutation: You have a pair of small antennae on your
                  | head. [potion of mutation]
 71638 | Zot:3    | Gained mutation: You are weak. (Str -2) [potion of
                  | mutation]
 71638 | Zot:3    | Gained mutation: You are covered in fur. (AC +1) [potion of
                  | mutation]
 72369 | Zot:5    | Entered Level 5 of the Realm of Zot
 72369 | Zot:5    | Noticed azzazzello's ghost (legendary GnWn)
 72369 | Zot:5    | Found a runed translucent door.
 72369 | Zot:5    | Found a shimmering altar of Xom.
 72620 | Zot:5    | Reached skill level 15 in Armour
 72623 | Zot:5    | Noticed an orb of fire
 72631 | Zot:5    | Noticed an orb of fire
 72966 | Zot:5    | Gained mutation: You are very dopey. (Int -4) [an orb of
                  | fire]
 72967 | Zot:5    | Killed an orb of fire
 72968 | Zot:5    | Killed an orb of fire
 73011 | Zot:5    | Noticed an orb of fire
 73013 | Zot:5    | Noticed a dread lich
 73014 | Zot:5    | Noticed an orb of fire
 73014 | Zot:5    | Noticed an orb of fire
 73016 | Zot:5    | Killed a dread lich
 73022 | Zot:5    | Killed an orb of fire
 73023 | Zot:5    | Reached skill level 15 in Throwing
 73041 | Zot:5    | Killed an orb of fire
 73050 | Zot:5    | Killed an orb of fire
 73582 | Zot:5    | Killed azzazzello's ghost
 73917 | Depths:2 | Upgraded the game from 0.31-a0-164-g2312942fda to
                  | 0.31-a0-167-g1c394c0614
 74125 | Vaults:2 | Bought a potion of mutation for 160 gold pieces
 74125 | Vaults:2 | Bought a potion of mutation for 160 gold pieces
 74296 | Pan      | Entered Pandemonium
 75021 | Pan      | Noticed Zefan the pandemonium lord
 75031 | Pan      | Killed Zefan the pandemonium lord
 75127 | Pan      | Identified the staff of earth "Bisonn" {rC+}
 75406 | Pan      | Found a transporter.
 75445 | Pan      | Identified the ring "Dicoh" {Fire Dex+2 Slay+2}
 75472 | Pan      | Found a transporter.
 75770 | Pan      | Upgraded the game from 0.31-a0-167-g1c394c0614 to
                  | 0.31-a0-174-g85c54bcb58
 76672 | Pan      | Upgraded the game from 0.31-a0-174-g85c54bcb58 to
                  | 0.31-a0-175-g9f7f995f2b
 76710 | Pan      | Noticed Ignacio
 76710 | Pan      | Found an exit through the horrors of the Abyss.
 76721 | Pan      | Gained mutation: Your body sometimes deteriorates upon
                  | taking damage. [a cacodemon]
 76723 | Pan      | Killed Ignacio
 76743 | Pan      | Gained mutation: Your spells are a little easier to cast,
                  | but a little less powerful. [a cacodemon]
 77374 | Pan      | Noticed Ifioptod the pandemonium lord
 77380 | Pan      | Killed Ifioptod the pandemonium lord
 77380 | Pan      | Lost mutation: Your spells are a little easier to cast, but
                  | a little less powerful. [a cacodemon]
 77707 | Pan      | Reached skill level 5 in Spellcasting
 78121 | Pan      | Acquired a manual of Throwing
 78833 | Pan      | Noticed Ethreyma the pandemonium lord
 78863 | Pan      | Killed Ethreyma the pandemonium lord
 79435 | Pan      | Found an exit through the horrors of the Abyss.
 79876 | Pan      | Noticed Gafolotz the pandemonium lord
 79894 | Pan      | Killed Gafolotz the pandemonium lord
 80545 | Pan      | Noticed Utom the pandemonium lord
 80578 | Pan      | Killed Utom the pandemonium lord
 80851 | Pan      | Entered the realm of Cerebov.
 81016 | Pan      | Found an exit through the horrors of the Abyss.
 81145 | Pan      | Identified the ring "Fiyf" {Fly Dex+2}
 81255 | Pan      | Identified the +5 quarterstaff "Remaik" {heavy, Int+4}
 81255 | Pan      | Identified the ring "Qoite Ucza" {*Corrode rPois rN+ SInv
                  | Stlth+}
 81830 | Pan      | Found the +6 sword of Cerebov {flame}
 81830 | Pan      | Noticed Cerebov
 81958 | Pan      | Reached skill level 15 in Short Blades
 82086 | Pan      | Killed Cerebov
 82122 | Pan      | Identified the +1 robe "Nexiehuq" {Rampage Will+ Str+2}
 82156 | Pan      | Identified the +3 ring mail "Uplirch" {rN+ Will+}
 82221 | Pan      | Identified the staff of cold "Biumn" {rElec rF++ rC+ rCorr
                  | Dex-5}
 82222 | Pan      | Identified the staff of poison "Danak" {Fly rPois}
 82327 | Pan      | Got a fiery rune of Zot
 82415 | Pan      | Entered the realm of Gloorx Vloq.
 82544 | Pan      | Noticed Gloorx Vloq
 82560 | Pan      | Killed Gloorx Vloq
 82701 | Pan      | Got a dark rune of Zot
 83276 | Pan      | Found an exit through the horrors of the Abyss.
 83413 | Pan      | Entered the realm of Mnoleg.
 83487 | Pan      | Gained mutation: You are clumsy. (Dex -2) [a neqoxec]
 83488 | Pan      | Gained mutation: Armour fits poorly on your strangely
                  | shaped body. [a neqoxec]
 83496 | Pan      | Gained mutation: You occasionally lose the ability to drink
                  | potions when taking damage. [a cacodemon]
 83497 | Pan      | Gained mutation: You are very clumsy. (Dex -4) [a neqoxec]
 83502 | Pan      | Noticed Mnoleg
 83503 | Pan      | Reached skill level 10 in Evocations
 83517 | Pan      | Paralysed by a floating eye for 2 turns
 83526 | Pan      | Killed Mnoleg
 83539 | Pan      | Lost intelligence.
 83545 | Pan      | Gained mutation: You occasionally lose the ability to read
                  | scrolls when taking damage. [a neqoxec]
 83548 | Pan      | Gained mutation: You frequently scream uncontrollably at
                  | your foes. [a shining eye]
 83557 | Pan      | Lost mutation: Your body sometimes deteriorates upon taking
                  | damage. [potion of mutation]
 83557 | Pan      | Lost mutation: You have a pair of small antennae on your
                  | head. [potion of mutation]
 83557 | Pan      | Lost mutation: You occasionally lose the ability to read
                  | scrolls when taking damage. [potion of mutation]
 83557 | Pan      | Gained mutation: You have large cloven feet. [potion of
                  | mutation]
 83558 | Pan      | Lost mutation: You are very dopey. (Int -4) [potion of
                  | mutation]
 83558 | Pan      | Lost mutation: You occasionally lose the ability to drink
                  | potions when taking damage. [potion of mutation]
 83558 | Pan      | Gained mutation: You sometimes lose your temper in combat.
                  | [potion of mutation]
 83559 | Pan      | Lost mutation: You are weak. (Str -2) [potion of mutation]
 83559 | Pan      | Lost mutation: Your magical capacity is low. (-10% MP)
                  | [potion of mutation]
 83559 | Pan      | Lost mutation: You frequently scream uncontrollably at your
                  | foes. [potion of mutation]
 83559 | Pan      | Gained mutation: You are partially covered in iridescent
                  | scales. (AC +2) [potion of mutation]
 83560 | Pan      | Lost mutation: You are dopey. (Int -2) [potion of mutation]
 83560 | Pan      | Lost mutation: You are very clumsy. (Dex -4) [potion of
                  | mutation]
 83560 | Pan      | Lost mutation: You occasionally shout uncontrollably at
                  | your foes. [potion of mutation]
 83560 | Pan      | Lost mutation: Armour fits poorly on your strangely shaped
                  | body. [potion of mutation]
 83664 | Pan      | Got a glowing rune of Zot
 84854 | Pan      | Noticed Samedgh the pandemonium lord
 84865 | Pan      | Killed Samedgh the pandemonium lord
 84905 | Depths:1 | Escaped Pandemonium
 85424 | Pan      | Entered the realm of Lom Lobon.
 85424 | Pan      | Entered Pandemonium
 85477 | Pan      | Found an exit through the horrors of the Abyss.
 86137 | Pan      | Noticed Lom Lobon
 86152 | Pan      | Killed Lom Lobon
 86187 | Pan      | Got a magical rune of Zot
 86596 | Pan      | Gained mutation: You are dopey. (Int -2) [a cacodemon]
 86683 | Pan      | Noticed Yfreh the pandemonium lord
 86684 | Pan      | Killed Yfreh the pandemonium lord
 86757 | Pan      | Found an exit through the horrors of the Abyss.
 86960 | Pan      | Found an exit through the horrors of the Abyss.
 87120 | Pan      | Noticed Ekouf the pandemonium lord
 87136 | Pan      | Killed Ekouf the pandemonium lord
 87898 | Pan      | Reached skill level 27 in Stealth
 87909 | Pan      | Noticed Tatikoha the pandemonium lord
 88003 | Pan      | Found an exit through the horrors of the Abyss.
 88066 | Pan      | Noticed Kilec the pandemonium lord
 88078 | Pan      | Killed Kilec the pandemonium lord
 88135 | Depths:2 | Escaped Pandemonium
 88172 | Hell     | Entered the Vestibule of Hell
 88172 | Hell     | Noticed Geryon
 88179 | Hell     | Killed Geryon
 88244 | Hell     | Found a gateway to the ashen valley of Gehenna.
 88325 | Hell     | Found a gateway to the freezing wastes of Cocytus.
 88552 | Hell     | Found a gateway to the decaying netherworld of Tartarus.
 88913 | Hell     | Found a gateway to the Iron City of Dis.
 89050 | Tar:1    | Entered Level 1 of Tartarus
 89106 | Tar:2    | You fall into a shaft and drop 2 floors!
 89260 | Tar:5    | Noticed an ancient lich
 89268 | Tar:5    | Killed an ancient lich
 89436 | Tar:5    | Noticed an ancient lich
 89444 | Tar:5    | Killed an ancient lich
 89578 | Tar:7    | Entered Level 7 of Tartarus
 89619 | Tar:7    | Noticed a dread lich
 89625 | Tar:7    | Killed a dread lich
 89742 | Tar:7    | Reached skill level 10 in Spellcasting
 89880 | Tar:7    | Noticed a dread lich
 89886 | Tar:7    | Killed a dread lich
 90055 | Tar:7    | Identified the +6 spear of Foul Odours {flame, rC+ Will+}
 90058 | Tar:7    | Identified the +0 plate armour of the Bells {rC+ rN+}
 90198 | Tar:7    | Noticed an ancient lich
 90208 | Tar:7    | Killed an ancient lich
 90588 | Tar:7    | Noticed Ereshkigal
 90592 | Tar:7    | Killed Ereshkigal
 90630 | Tar:7    | Got a bone rune of Zot
 90898 | Tar:7    | Identified the ring of Ephemeral Luck {*Slow Fly rF+++ rC+
                  | Dex-3}
 91171 | Tar:7    | Got the Catalogue of Saltpetre
 91622 | Tar:7    | Identified the +5 morningstar of Floods {elec, rElec}
 91626 | Tar:7    | Identified the +10 orcbow "Esche Lock" {antimagic, rPois
                  | Int+3}
 91745 | Dis:1    | Entered Level 1 of the Iron City of Dis
 92831 | Dis:7    | Entered Level 7 of the Iron City of Dis
 93677 | Dis:7    | Identified the +7 plate armour of Spite {*Slow rElec rCorr
                  | Stlth-}
 93679 | Dis:7    | Noticed Dispater
 93694 | Dis:7    | Killed Dispater
 93709 | Dis:7    | Got an iron rune of Zot
 93737 | Dis:7    | Identified the +7 long sword of Uncertain Death {holy,
                  | Str+4 Int+2 Dex-4}
 93928 | Dis:7    | Noticed an ancient lich
 93936 | Dis:7    | Killed an ancient lich
 94244 | Geh:1    | Entered Level 1 of Gehenna
 94254 | Geh:1    | Reached skill level 27 in Fighting
 94802 | Geh:3    | You fall into a shaft and drop 2 floors!
 94908 | Geh:7    | Entered Level 7 of Gehenna
 95094 | Geh:7    | Identified the staff of cold "Ibbikaz" {rC+ Str+7 Int-4
                  | Dex+4}
 95239 | Geh:7    | Noticed the Serpent of Hell
 95254 | Geh:7    | Killed the Serpent of Hell
 95258 | Geh:7    | Found the ring of the Mage {Wiz Archmagi}
 95454 | Geh:7    | Found the +13 sceptre of Asmodeus
 95454 | Geh:7    | Noticed Asmodeus
 95456 | Geh:7    | Killed Asmodeus
 95494 | Geh:7    | Got an obsidian rune of Zot
 96266 | Coc:1    | Entered Level 1 of Cocytus
 96393 | Coc:5    | Paralysed by a wendigo for 1 turns
 96412 | Coc:5    | Paralysed by a wendigo for 1 turns
 96483 | Coc:7    | Entered Level 7 of Cocytus
 96549 | Coc:7    | Paralysed by a wendigo for 1 turns
 96670 | Coc:7    | Reached skill level 15 in Evocations
 96816 | Coc:7    | Noticed Antaeus
 96840 | Coc:7    | Killed Antaeus
 96909 | Coc:7    | Paralysed by a wendigo for 1 turns
 96912 | Coc:7    | Got an icy rune of Zot
 96914 | Coc:7    | Identified the staff of earth "Fopaa" {rElec Str+2 Int+4
                  | Dex+4}
 96917 | Coc:7    | Identified the +4 rapier of Maojua Xoqi {speed, rCorr MP+9
                  | Str+2}
 97332 | Tomb:1   | Entered Level 1 of the Tomb of the Ancients
 97356 | Tomb:1   | Noticed Mennas
 97367 | Tomb:1   | Killed Mennas
 97497 | Tomb:1   | Noticed a royal mummy
 97501 | Tomb:1   | Killed a royal mummy
 97647 | Tomb:1   | Noticed a royal mummy
 97649 | Tomb:1   | Killed a royal mummy
 97721 | Tomb:2   | Noticed a royal mummy
 97722 | Tomb:2   | Noticed a royal mummy
 97723 | Tomb:2   | Noticed a royal mummy
 97724 | Tomb:2   | Noticed a royal mummy
 97734 | Tomb:2   | Killed a royal mummy
 97739 | Tomb:2   | Killed a royal mummy
 97751 | Tomb:2   | Noticed a royal mummy
 97753 | Tomb:2   | Killed a royal mummy
 97759 | Tomb:2   | Killed a royal mummy
 97761 | Tomb:2   | Killed a royal mummy
 98065 | Tomb:2   | Acquired a manual of Fire Magic
 98177 | Tomb:1   | Noticed a royal mummy
 98178 | Tomb:1   | Noticed a royal mummy
 98181 | Tomb:1   | Noticed a royal mummy
 98181 | Tomb:1   | Noticed a royal mummy
 98182 | Tomb:1   | Killed a royal mummy
 98185 | Tomb:1   | Noticed a royal mummy
 98188 | Tomb:1   | Killed a royal mummy
 98192 | Tomb:1   | Killed a royal mummy
 98193 | Tomb:1   | Killed a royal mummy
 98194 | Tomb:1   | Reached skill level 15 in Spellcasting
 98196 | Tomb:1   | Noticed a royal mummy
 98202 | Tomb:1   | Killed a royal mummy
 98212 | Tomb:1   | Killed a royal mummy
 98282 | Tomb:1   | Noticed a royal mummy
 98286 | Tomb:1   | Killed a royal mummy
 98310 | Tomb:1   | Noticed a royal mummy
 98315 | Tomb:1   | Killed a royal mummy
 98316 | Tomb:1   | Noticed a royal mummy
 98323 | Tomb:1   | Killed a royal mummy
 98326 | Tomb:1   | Noticed a royal mummy
 98327 | Tomb:1   | Noticed a royal mummy
 98328 | Tomb:1   | Noticed a royal mummy
 98581 | Tomb:1   | Killed a royal mummy
 98589 | Tomb:1   | Killed a royal mummy
 98615 | Tomb:1   | Killed a royal mummy
 99094 | Tomb:3   | Entered Level 3 of the Tomb of the Ancients
 99104 | Tomb:3   | Found the dreamshard necklace {Acrobat *Dream}
 99123 | Tomb:3   | Noticed a royal mummy
 99125 | Tomb:3   | Noticed a royal mummy
 99132 | Tomb:3   | Noticed a royal mummy
 99135 | Tomb:3   | Killed a royal mummy
 99137 | Tomb:3   | Noticed a royal mummy
 99138 | Tomb:3   | Noticed a royal mummy
 99145 | Tomb:3   | Killed a royal mummy
 99147 | Tomb:3   | Killed a royal mummy
 99171 | Tomb:3   | Got a golden rune of Zot
100034 | Zot:5    | Identified the +4 shortbow of Doattos {antimagic, Drain rN+
                  | Will+ SInv}
100117 | Zot:5    | Got the Orb of Zot
100158 | Zot:5    | Noticed an orb of fire
100165 | Zot:5    | Gained mutation: Your body sometimes deteriorates upon
                  | taking damage. [an orb of fire]
100165 | Zot:5    | Gained mutation: You have an increased reservoir of magic.
                  | (+10% MP) [an orb of fire]
100169 | Zot:5    | Killed an orb of fire
100274 | Depths:4 | Noticed a seraph
100328 | Depths:3 | Noticed Gibuxe the pandemonium lord
100334 | Depths:3 | Killed Gibuxe the pandemonium lord
100748 | D:$      | Escaped with the Orb!

Illustrated notes

Levels and vault maps discovered:
D:1:      dpeg_arrival_line_fractal, layout_rooms, serial_bayou_ford_a
D:2:      layout_basic, nicolae_titane, uniq_natasha
D:3:      layout_basic, chequers_temple_overflow_statue_of_worship,
          nicolae_overflow_squiral, gup_sewer_entry_bowl,
          shapermc_ecumenical_altar_totnotflames, nicolae_the_louvre, uniq_robin
D:4:      layout_loops_ring, nicolae_ru_great_annihilating_truth
D:5:      layout_rooms, mainiacjoe_overflow_small_starburst, serial_shops, shop
D:6:      layout_loops_ring, lemuel_round_altar, pf_just_have_faith,
          kennysheep_cluttered_room, grunt_tough_drop
D:7:      layout_cave_pools, minmay_temple_entry_hall
D:8:      layout_basic, kennysheep_small_spiral, amcnicky_mini_pool_medium
D:9:      layout_stronghold, tso_oasis_becter, lemuel_tele_altar, orc_0_dummy,
          enter_bailey_3, uniq_maurice
D:10:     layout_layer_cave, grunt_temple_overflow_gold_and_silver,
          hellmonk_lair_entry_icy
D:11:     layout_basic, gauntlet_entry_generic, minmay_misc_feat_alley,
          trog_three_pillars_becter
D:12:     layout_loops_ring
D:13:     layout_irregular_city
D:14:     layout_rooms, david_vaults_5, infiniplex_staircase_pillars_3a,
          nicolae_transporter_circle, uniq_azrael
D:15:     grunt_enter_depths_giant_problem, layout_cave_pools, minivault_4,
          chequers_mini_garden, uniq_rupert
Temple:   kb_corrupted_temple
Lair:1:   layout_hall_layers, st_stairs_8, nicolae_lair_grove_arrangements,
          beast_lair_carwin_10, grunt_megastairs_1, infiniplex_staircase_pool
Lair:2:   layout_misc_corridors, elwin_shoals_entry_rooms, serial_bayou_pond_e,
          dreamdust_mushroom_princess, serial_bayou_lagoon_a,
          chequers_serial_rivers_micro_a, serial_bayou_shore_a, uniq_fannar
Lair:3:   layout_small_grid, nicolae_spider_entry_orb_guardian, tgw_fedhas
Lair:4:   layout_cave_pods, kennysheep_abandoned_house
Lair:5:   cheibrodos_lair_end_hotspot, layout_regular_city,
          nicolae_slime_entry_slimehenge, nicolae_volcano_entry_two_sided,
          lookout_lair_type, grunt_forest_small_clearing_treed
Shoals:1: layout_shoals, serial_shops, nicolae_shop_tiny_glass,
          nicolae_shoals_lost_giant_pillars
Shoals:2: layout_shoals, uniq_polyphemus
Shoals:3: layout_shoals, serial_shops, bzr_firewalk,
          nicolae_shoals_lost_giant_hut, uniq_nikola
Shoals:4: shoals_end_simple, layout_shoals, shoals_ilsuiw_ice, serial_shops,
          nicolae_shop_rolling_square, nicolae_shoals_hunting_party
Spider:1: layout_chambers, drop_trap, hangedman_spider_tarantella_strand
Spider:2: layout_cave_pods, nicolae_spider_jagged_tunnels, uniq_arachne
Spider:3: layout_spider_delve, portal_ice_cave_entry_pillars_1,
          nicolae_spider_checkerboard, uniq_asterion, uniq_donald, uniq_roxanne,
          uniq_bai_suzhen
Spider:4: guppyfry_spider_rune
Slime:1:  nicolae_slime_infinislime, layout_caves, nicolae_slime_barrier,
          cheibrodos_slime_lost_civilization_4
Slime:2:  layout_caves, special_room [special_room_jelly]
Slime:3:  layout_caves, cheibrodos_slime_lost_civilization_7
Slime:4:  layout_caves
Slime:5
Orc:1:    layout_diamond_mine
Orc:2:    st_orc_ogre_mass, layout_diamond_mine
Elf:1:    layout_onion_city, minmay_elf_necromancy
Elf:2:    elven_hall_of_blades_hangedman_original [nicolae_blade_tridents],
          layout_gridlike, portal_desolation_entry_ruin
Elf:3:    minmay_elf_hall_spiked, layout_loops_corners, drop_trap, uniq_zenata
Vaults:1: dpeg_vaults_monster_box, nicolae_vaults_network_periphery, v_misc_18,
          nicolae_vaults_puzzle_piece, nicolae_vaults_statue_guard,
          hangedman_vaults_locks, nicolae_vaults_house_3, vaults_mumra_chevron,
          ontoclasm_vaults_gateway, nicolae_vaults_tangram_2,
          vaults_room_corners, nicolae_vaults_house_1,
          layout_vaults_chaotic_city
Vaults:2: v_misc_4, nicolae_vaults_closet_pinwheel_2,
          ontoclasm_vaults_decontamination, nicolae_vaults_alarming,
          nicolae_vaults_big_ls, nicolae_vaults_network_quinsquares
          [nicolae_vaults_network_quincunx_subvault,
          nicolae_vaults_network_quincunx_subvault,
          nicolae_vaults_network_quincunx_subvault,
          nicolae_vaults_network_quincunx_subvault], v_misc_18,
          vaults_room_door_ring, layout_vaults_quadrants, serial_shops,
          bzr_entry_water, nicolae_square_shop, nicolae_shop_trees,
          nicolae_shop_tiny_waterfront
Vaults:3: minmay_crypt_entry_simple_corners, nicolae_vaults_shelves_hall,
          nicolae_vaults_hallways_thing, nicolae_vaults_trapezoid_lopsided_1,
          nicolae_vaults_triangles, nicolae_vaults_more_shelving_2,
          nicolae_vaults_prndl, v_alt_pattern_2, vaults_room_octagon,
          nicolae_vaults_quartermaster, nicolae_vaults_heart-shaped_vault,
          nicolae_vaults_trapezoid_3, nicolae_vaults_closet_pinwheel_5,
          hangedman_vaults_stream, nicolae_vaults_diamond_1,
          layout_vaults_maze_bifur, nicolae_trove_entry_path_of_doom
Vaults:4: nicolae_vaults_you_can_take_it_with_you,
          nicolae_vaults_storage_closets_2, hangedman_vaults_trim, v_misc_2,
          hangedman_vaults_capsules, v_rooms_4, hangedman_vaults_corner,
          v_misc_22, ontoclasm_vaults_fault, nicolae_vaults_trapezoid_3,
          layout_vaults_omnibox, serial_shops, nicolae_shop_back_alley_shop
Vaults:5
Crypt:1:  layout_misc_corridors, st_burial_chamber, grunt_megastairs_2,
          grunt_crypt_arrival_split
Crypt:2:  layout_misc_corridors, uniq_boris
Crypt:3:  cryptofortress_bobbens
Tomb:1:   uniq_mennas
Tomb:2
Tomb:3
Depths:1: minmay_guarded_unrand_guard, layout_cross, grunt_pan_entry_in_and_out,
          grunt_hell_entry_dis_old, nicolae_shop_sticking_my_neck_out,
          minmay_shop_grove
Depths:2: cheibrodos_cascadia, layout_cave_pools, enter_ziggurat_f,
          serial_co_window_serial, co_window_paths_a,
          co_window_of_opportunity_a, co_window_of_opportunity_a,
          co_window_paths_a, co_window_corner_a, co_window_cross_1,
          co_window_paths_c, co_window_2corner, co_window_2corner,
          co_window_paths_e, glass_columns_a, hell_entry, pan_entry,
          hangedman_abyss_or_decor_slice, nicolae_qazlal_scattered_showers
Depths:3: box_level_dp, hell_entry, abyss_entry, serial_shops, uniq_frederick
Depths:4: grunt_x_marks_the_spot, layout_cave_pools, lightli_too_deep,
          corexii_leaking_fountain, grunt_decor_resistance,
          lemuel_nasty_fountain
Hell
Dis:1:    layout_gridville
Dis:2:    layout_jigsaw, nicolae_dis_metal_lava_thing
Dis:3:    layout_jigsaw, nicolae_dis_strange_trophy_room
Dis:4:    layout_jigsaw
Dis:5:    layout_subdivisions, nicolae_hells_seeping_fissure
Dis:6:    nicolae_dis_heavy_handed_symbolism
Dis:7:    iron_city_of_dis [dis_grunt, dis_wall_5], layout_gridville,
          nicolae_dis_step_into_the_octagon
Geh:1:    layout_gehenna_lava_caves, nicolae_geh_niches_of_the_damned
Geh:2:    layout_gehenna_pools_basic
Geh:3:    layout_gehenna_pools_basic
Geh:5:    layout_gehenna_lava_caves
Geh:6:    layout_gehenna_pools_triple
Geh:7:    geh_grunt
Coc:1:    layout_cocytus_delve
Coc:2:    layout_cocytus_delve
Coc:3:    layout_cocytus_water_paths
Coc:4:    layout_cocytus_water_paths
Coc:5:    nicolae_coc_icebeans_plural [nicolae_sub_coc_subbean,
          nicolae_sub_coc_subbean, nicolae_sub_coc_subbean,
          nicolae_sub_coc_subbean], layout_cocytus_delve
Coc:6:    layout_cocytus_water_paths, serial_ice
Coc:7:    coc_hangedman
Tar:1:    layout_catacombs
Tar:2:    layout_grid_maze
Tar:4:    layout_cathedral_of_symmetry, nicolae_tar_cuneiform_bird,
          nicolae_tar_grid_combs
Tar:5:    layout_grid_maze, nicolae_tar_just_some_guys
Tar:6:    nicolae_hells_demon_pit, layout_cathedral_of_symmetry
Tar:7:    tar_old
Zot:1:    kennysheep_oblong_rooms, layout_misc_corridors, zot_minivault_1
Zot:2:    layout_misc_corridors
Zot:3:    hangedman_orp_of_zott, layout_gridlike,
          gammafunk_ghost_wrathful_warriors
Zot:4:    kennysheep_spiral_hall, layout_misc_corridors
Zot:5:    layout_misc_corridors, ebering_ghost_xom, st_stairs_4

Skill      XL: |  1  2  3  4  5  6  7  8  9 10 11 12 13 14 15 16 17 18 19 20 21 22 23 24 25 26 27 |
---------------+----------------------------------------------------------------------------------+-----
Dodging        | 1 2 3 4 6 7 8 9 10 11 12 13 14 15 16 17 18 19 25 | 25.0
Throwing       | 2 3 4 7 8 9 10 11 12 13 16 | 16.0
Stealth        | 5 6 7 8 10 11 12 13 14 15 17 19 21 27 | 27.0
Fighting       | 2 3 4 7 8 9 10 11 12 13 14 16 18 19 20 21 22 27 | 27.0
Short Blades   | 2 3 4 7 8 9 10 11 12 13 14 20 | 20.0
Armour         | 2 4 5 6 7 8 23 | 23.7
Evocations     | 3 5 6 7 16 | 16.1
Shields        | 2 4 5 7 9 11 13 14 15 16 17 18 24 | 24.3
Spellcasting   | 3 4 15 | 15.5
Long Blades    | 4 6 8 |  8.0

Action                     |  1- 3 |  4- 6 |  7- 9 | 10-12 | 13-15 | 16-18 | 19-21 | 22-24 | 25-27 || total
---------------------------+-------+-------+-------+-------+-------+-------+-------+-------+-------++-------
  Melee: Dagger            |    95 |       |       |       |       |       |       |       |       ||    95
         Bite              |    24 |    28 |    88 |       |   438 |   706 |   904 |  1165 |  6526 ||  9879
         Short sword       |       |   132 |   189 |       |    63 |       |       |       |       ||   384
         Quarterstaff      |       |       |   101 |       |    32 |       |       |       |       ||   133
         Punch             |       |       |     3 |       |    22 |    11 |       |       |       ||    36
         Rapier            |       |       |       |       |  1013 |  1488 |  1783 |  2059 |  5466 || 11809
         Eudemon blade     |       |       |       |       |       |       |       |    56 |    72 ||   128
         Demon blade       |       |       |       |       |       |       |       |       |   768 ||   768
         Quick blade       |       |       |       |       |       |       |       |       |  5962 ||  5962
  Throw: Dart              |     3 |     3 |       |       |       |       |       |       |       ||     6
         Boomerang         |       |       |    10 |       |       |       |       |       |       ||    10
 Invoke: Serpent's Lash    |       |       |       |       |       |     5 |     5 |     3 |    30 ||    43
         Heavenly Storm    |       |       |       |       |       |       |       |     1 |     7 ||     8
Ability: Lunge             |       |       |       |       |    66 |    96 |   138 |   120 |   872 ||  1292
         Whirlwind         |       |       |       |       |   105 |   106 |   180 |   334 |  1967 ||  2692
         Wall Jump         |       |       |       |       |       |     7 |     3 |     1 |    22 ||    33
  Evoke: Wand              |       |       |       |       |       |       |     1 |       |    13 ||    14
    Use: Scroll            |       |     9 |    13 |       |    13 |     5 |     5 |     9 |    46 ||   100
         Potion            |       |       |     3 |     3 |       |     1 |     2 |       |    34 ||    43
   Stab: Sleeping          |     7 |    13 |    17 |       |    42 |    83 |    80 |    37 |   185 ||   464
         Distracted        |       |       |     2 |       |     4 |    10 |     6 |    17 |   272 ||   311
         Paralysed         |       |       |     1 |       |       |       |       |       |       ||     1
         Petrifying        |       |       |       |       |     6 |       |     2 |       |       ||     8
         Petrified         |       |       |       |       |     3 |       |     2 |       |       ||     5
         Invisible         |       |       |       |       |       |     3 |       |       |     3 ||     6
         Fleeing           |       |       |       |       |       |       |       |       |     3 ||     3
 Armour: Robe              |     8 |       |       |       |       |       |       |       |       ||     8
         Leather armour    |    28 |    20 |   122 |       |     7 |       |       |       |       ||   177
         Chain mail        |       |       |       |       |    53 |       |       |       |       ||    53
         Acid dragon scale |       |       |       |       |   214 |   319 |   263 |     4 |    70 ||   870
         Pearl dragon scal |       |       |       |       |       |       |       |   221 |   846 ||  1067
  Dodge: Dodged            |    50 |    43 |   291 |       |   697 |   997 |   928 |   705 |  2802 ||  6513
  Block: Buckler           |       |       |       |       |       |   332 |   590 |    19 |       ||   941
         Kite shield       |       |       |       |       |       |       |       |   824 |  2219 ||  3043
         Tower shield      |       |       |       |       |       |       |       |       |  2258 ||  2258
         Reflection        |       |       |       |       |       |       |       |       |    25 ||    25

Table legend: (Time is in decaauts)
 A = Elapsed time spent in this place.
 B = Non-inter-level travel time spent in this place.
 C = Inter-level travel time spent in this place.
 D = Time resting spent in this place.
 E = Time spent auto-exploring this place.
 F = Levels seen in this place.
 G = Mean time per level.
                   A        B        C        D        E       F      G
               +--------+--------+--------+--------+--------+-----+--------+
         Total |  98105 |  87657 |  10448 |   4941 |  51966 | 125 |  784.8 |
       Dungeon |  16464 |  13401 |   3063 |    117 |  10660 |  15 | 1097.6 |
        Temple |    143 |    118 |     25 |      0 |     77 |   1 |  143.0 |
          Lair |   6458 |   5450 |   1008 |     51 |   4188 |   5 | 1291.6 |
        Shoals |   3857 |   3620 |    237 |     58 |   2164 |   4 |  964.2 |
   Spider Nest |   4505 |   4030 |    475 |    103 |   2824 |   4 | 1126.2 |
    Slime Pits |    886 |    746 |    140 |      0 |     63 |   5 |  177.2 |
  Orcish Mines |   1456 |   1095 |    361 |    129 |    747 |   2 |  728.0 |
   Elven Halls |   3822 |   3417 |    405 |      0 |   2483 |   3 | 1274.0 |
        Vaults |   8828 |   7584 |   1244 |     87 |   5640 |   5 | 1765.6 |
         Crypt |   3452 |   2848 |    604 |    117 |   2112 |   3 | 1150.7 |
          Tomb |   2143 |   2085 |     58 |    784 |    115 |   3 |  714.3 |
        Depths |   6840 |   5308 |   1532 |     27 |   3476 |   4 | 1710.0 |
          Hell |   1226 |    992 |    234 |      0 |    571 |   1 | 1226.0 |
           Dis |   2448 |   2361 |     87 |    430 |    294 |   7 |  349.7 |
       Gehenna |   1437 |   1337 |    100 |    169 |    164 |   6 |  239.5 |
       Cocytus |    838 |    790 |     48 |     59 |     14 |   7 |  119.7 |
      Tartarus |   2750 |   2596 |    154 |    801 |    604 |   6 |  458.3 |
           Zot |   5493 |   4825 |    668 |    622 |   2617 |   5 | 1098.6 |
         Abyss |    924 |    924 |      0 |      0 |    333 |   5 |  184.8 |
   Pandemonium |  19434 |  19434 |      0 |   1255 |  10692 |  25 |  777.4 |
        Bazaar |    593 |    593 |      0 |      0 |    418 |   2 |  296.5 |
         Trove |    201 |    201 |      0 |      0 |     14 |   1 |  201.0 |
         Sewer |   1176 |   1176 |      0 |    126 |    709 |   1 | 1176.0 |
        Bailey |    299 |    299 |      0 |      0 |     22 |   1 |  299.0 |
      Ice Cave |   1018 |   1018 |      0 |      2 |    576 |   1 | 1018.0 |
       Volcano |    267 |    267 |      0 |      0 |    108 |   1 |  267.0 |
    Desolation |    721 |    721 |      0 |      0 |    180 |   1 |  721.0 |
      Gauntlet |    418 |    418 |      0 |      0 |     97 |   1 |  418.0 |
               +--------+--------+--------+--------+--------+-----+--------+

Top non-repeatable levels by time:
Depths:3: 2969 daAuts
   Tar:7: 2179 daAuts
Vaults:2: 2047 daAuts
Vaults:3: 1839 daAuts
Vaults:5: 1743 daAuts
Vaults:1: 1739 daAuts
Depths:2: 1715 daAuts
     D:3: 1613 daAuts
     D:9: 1579 daAuts
Spider:1: 1554 daAuts
    D:14: 1546 daAuts
  Lair:3: 1532 daAuts
   Zot:3: 1502 daAuts
  Lair:5: 1468 daAuts
Vaults:4: 1458 daAuts
